 Dungeon Crawl Stone Soup version 0.29.1-1-gd02db6906a (webtiles) character file.

Game seed: 2873254489235934518

1786456 sleeves the Wrestler (level 27, 330/330 HPs)
             Began as a Troll Delver on Sept 15, 2022.
             Was the Champion of Okawaru.
             Escaped with the Orb
             ... and 3 runes on Sept 16, 2022!
             The game lasted 05:01:09 (67825 turns).

sleeves the Wrestler (Troll Delver)                Turns: 67825, Time: 05:01:10

Health: 330/330    AC: 35    Str: 36    XL:     27
Magic:  18/18      EV: 16    Int:  6    God:    Okawaru [******]
Gold:   6841       SH: 31    Dex: 16    Spells: 36/38 levels left

rFire   + + +      SeeInvis +     - Unarmed
rCold   + + +      Faith    .   Q - +8 tower shield {rC+ rF+}
rNeg    + + .      Spirit   .   Z - +7 shadow dragon scales of Nusso {god gift, Fly rElec Regen+ Dex-5 SInv Stlth++++}
rPois   .          Reflect  +   R - +2 hat of Puhozeda {rC++ Regen+ rCorr Dex+2}
rElec   +          Harm     .   X - +2 cloak of Tekijebb {rElec rF++ MP-9 Dex-2}
rCorr   +          Rampage  .   (gloves unavailable)
Will    +++..                   (boots unavailable)
Stlth   +.........              h - amulet "Uryciodwu" {Reflect rN+ Regen+ Str+4 SH+5}
HPRegen 3.85/turn               O - ring "Goppasof" {rC+ rN+ EV+4 Str+2 Dex+4}
MPRegen 0.16/turn               I - ring of willpower

@: on berserk cooldown, flying, studying 2 skills
A: large, unfitting armour, claws 3, regeneration 1, shaggy fur 1, tough skin 1,
talons 1, deterioration 1, low MP 1, sense surroundings 1, robust 1, weak 1
0: Orb of Zot
}: 3/15 runes: serpentine, barnacled, slimy
a: Renounce Religion, Heroism, Finesse, Duel


You escaped.
You worshipped Okawaru.
Okawaru was exalted by your worship.
You visited 12 branches of the dungeon, and saw 55 of its levels.
You visited the Abyss 3 times.
You visited 1 bazaar.
You also visited: Bailey and Volcano.

You collected 9545 gold pieces.
You spent 2704 gold pieces at shops.

Inventory:

Missiles
 j - 16 silver javelins
 q - 24 boomerangs
 C - 12 throwing nets
 E - 11 boomerangs of dispersal
 H - 3 datura-tipped darts
 N - 30 javelins {god gift}
 T - 101 large rocks (quivered) {god gift}
Armour
 y - the +7 kite shield of the Heavens {god gift, Rampage Str-3 Int+6}
   (Okawaru gifted it to you on level 4 of the Lair of Beasts)

   Str:       It affects your strength (-3).
   Int:       It affects your intelligence (+6).
   Rampage:   It bestows one free step when moving towards enemies.
 Q - a +8 tower shield of resistance (worn)
   (You bought it in a shop in a bazaar)
 R - the +2 hat of Puhozeda (worn) {rC++ Regen+ rCorr Dex+2}
   (You found it on level 1 of the Orcish Mines)

   Dex:       It affects your dexterity (+2).
   rC:        It greatly protects you from cold.
   Regen:     It increases your rate of health regeneration.
   rCorr:     It protects you from acid and corrosion.
 X - the +2 cloak of Tekijebb (worn) {rElec rF++ MP-9 Dex-2}
   (You acquired it on level 3 of the Crypt)

   Dex:       It affects your dexterity (-2).
   rF:        It greatly protects you from fire.
   rElec:     It insulates you from electricity.
   MP:        It affects your magic capacity (-9).
 Y - the +0 cloak of Defiance {god gift, rCorr Str+3 SInv}
   (Okawaru gifted it to you on level 1 of the Crypt)

   Str:       It affects your strength (+3).
   SInv:      It lets you see invisible.
   rCorr:     It protects you from acid and corrosion.
 Z - the +7 shadow dragon scales of Nusso (worn) {god gift, Fly rElec Regen+ Dex-5 SInv Stlth++++}
   (Okawaru gifted it to you on level 3 of the Elven Halls)

   Dex:       It affects your dexterity (-5).
   rElec:     It insulates you from electricity.
   SInv:      It lets you see invisible.
   Fly:       It grants you flight.
   Regen:     It increases your rate of health regeneration.
   Stlth:     It makes you much more stealthy.
Jewellery
 c - a ring of positive energy
   (You found it on level 1 of the Shoals)
 e - a ring of willpower
   (You found it on level 2 of the Depths)
 h - the amulet "Uryciodwu" (around neck) {Reflect rN+ Regen+ Str+4 SH+5}
   (You acquired it on level 2 of the Elven Halls)

   [amulet of reflection]

   It reflects blocked missile attacks.
   Str:       It affects your strength (+4).
   rN:        It protects you from negative energy.
   Regen:     It increases your rate of health regeneration.
   SH:        It affects your SH (+5).
 i - a ring of see invisible
   (You took it off a deep elf death mage on level 2 of the Crypt)
 z - a ring of poison resistance
   (You bought it in a shop on level 5 of the Dungeon)
 I - a ring of willpower (right claw)
   (You took it off a deep elf sorcerer on level 3 of the Elven Halls)
 J - a ring of wizardry
   (You found it on level 4 of the Snake Pit)
 O - the ring "Goppasof" (left claw) {rC+ rN+ EV+4 Str+2 Dex+4}
   (You found it on level 5 of the Pits of Slime)

   [ring of evasion]

   EV:        It affects your evasion (+4).
   Str:       It affects your strength (+2).
   Dex:       It affects your dexterity (+4).
   rC:        It protects you from cold.
   rN:        It protects you from negative energy.
 U - a ring of see invisible
   (You found it in a bailey)
 V - a ring of flight
   (You found it on level 1 of the Depths)
 W - the ring of Uceogyna {Wiz Int+2 Dex+4}
   (You found it on level 5 of the Pits of Slime)

   [ring of wizardry]

   It improves your spell success rate.
   Int:       It affects your intelligence (+2).
   Dex:       It affects your dexterity (+4).
Wands
 f - a wand of digging (19)
 s - a wand of quicksilver (33)
   (You found it on level 3 of the Dungeon)
Scrolls
 a - 6 scrolls of magic mapping
 b - 12 scrolls of fog
 g - a scroll of silence
 l - 9 scrolls of poison
 o - 8 scrolls of enchant weapon
 u - 5 scrolls of enchant armour
 v - 14 scrolls of teleportation
 A - 15 scrolls of vulnerability
 D - 9 scrolls of amnesia
 F - 5 scrolls of torment
 G - a scroll of fear
 L - 5 scrolls of blinking
 P - 9 scrolls of immolation
Potions
 d - 9 potions of cancellation
 k - 12 potions of brilliance
 m - 3 potions of might
 n - 10 potions of resistance
 p - 23 potions of curing
 r - 4 potions of magic
 t - 9 potions of mutation
 w - 2 potions of haste
 x - a potion of berserk rage
 B - 8 potions of flight
 K - 5 potions of ambrosia
 M - 13 potions of heal wounds
 S - 3 potions of invisibility


   Skills:
 - Level 22.0 Fighting
 - Level 22.0 Throwing
 - Level 20.0 Armour
 + Level 13.1 Dodging
 - Level 2.7 Stealth
 - Level 12.0 Shields
 - Level 22.0 Unarmed Combat
 - Level 6.0 Spellcasting
 - Level 5.1 Hexes
 - Level 10.0 Invocations


You had 36 spell levels left.
You knew the following spells:

 Your Spells              Type           Power      Damage    Failure   Level
a - Blink                 Tloc           2%         N/A       97%         2

Your spell library contained the following spells:

 Spells                   Type           Power      Damage    Failure   Level
 Ensorcelled Hibernation  Hex/Ice        8%         N/A       75%         2
 Apportation              Tloc           2%         N/A       91%         1
 Beastly Appendage        Tmut           2%         N/A       91%         1
 Freeze                   Ice            4%         1d3       91%         1
 Magic Dart               Conj           4%         1d3       91%         1
 Necrotise                Necr           4%         1d4       91%         1
 Sandblast                Erth           2%         2d4       91%         1
 Sting                    Tmut/Pois      4%         1d3       91%         1
 Dazzling Flash           Conj/Hex       8%         N/A       92%         3
 Inner Flame              Hex/Fire       4%         N/A       92%         3
 Portal Projectile        Hex/Tloc       8%         N/A       92%         3
 Cause Fear               Hex            3%         N/A       95%         4
 Passwall                 Tmut/Erth      0%         N/A       97%         2
 Searing Ray              Conj           2%         2d4       97%         2
 Static Discharge         Conj/Air       1%         3-4/arc   97%         2
 Sublimation of Blood     Necr           1%         N/A       97%         2
 Wereblood                Tmut           1%         N/A       97%         2
 Frozen Ramparts          Ice            2%         1d1       99%         3
 Gell's Gravitas          Tloc           1%         N/A       99%         3
 Ignite Poison            Fire/Tmut/Pois 1%         N/A       99%         3
 Lesser Beckoning         Tloc           1%         N/A       99%         3
 Mephitic Cloud           Conj/Pois/Air  1%         N/A       99%         3
 Ozocubu's Armour         Ice            1%         N/A       99%         3
 Spider Form              Tmut/Pois      1%         N/A       99%         3
 Stone Arrow              Conj/Erth      2%         3d7       99%         3
 Teleport Other           Tloc           1%         N/A       99%         3
 Airstrike                Air            0%         2d(1-17)  100%        4
 Anguish                  Hex/Necr       2%         N/A       100%        4
 Dispel Undead            Necr           1%         3d6       100%        4
 Fulminant Prism          Conj/Hex       2%         3d6       100%        4
 Hailstorm                Conj/Ice       1%         3d3       100%        4
 Ice Form                 Ice/Tmut       1%         N/A       100%        4
 Iskenderun's Mystic Bla  Conj/Tloc      1%         2d3       100%        4
 Passage of Golubria      Tloc           1%         N/A       100%        4
 Sticky Flame             Conj/Fire      1%         2d3       100%        4
 Agony                    Necr           1%         N/A       100%        5
 Blade Hands              Tmut           0%         N/A       100%        5
 Freezing Cloud           Conj/Ice/Air   0%         6-21      100%        5
 Iskenderun's Battlesphe  Conj           1%         2d6       100%        5
 Lightning Bolt           Conj/Air       0%         1d11      100%        5
 Manifold Assault         Tloc           1%         N/A       100%        5
 Metabolic Englaciation   Hex/Ice        2%         N/A       100%        5
 Silence                  Hex/Air        2%         N/A       100%        5
 Yara's Violent Unravell  Hex/Tmut       2%         3d3       100%        5
 Dispersal                Tloc           0%         N/A       100%        6
 Eringya's Noxious Bog    Tmut/Pois      0%         N/A       100%        6
 Iron Shot                Conj/Erth      0%         9d1       100%        6
 Starburst                Conj/Fire      0%         6d3       100%        6
 Statue Form              Tmut/Erth      0%         N/A       100%        6
 Dragon Form              Tmut           0%         N/A       100%        7
 Enfeeble                 Hex            3%         N/A       100%        7
 Ozocubu's Refrigeration  Ice            0%         4d7       100%        7
 Storm Form               Tmut/Air       0%         N/A       100%        7
 Discord                  Hex            3%         N/A       100%        8
 Disjunction              Tloc           0%         N/A       100%        8
 Ignition                 Fire           0%         3d3       100%        8
 Lehudib's Crystal Spear  Conj/Erth      0%         10d2      100%        8
 Maxwell's Capacitive Co  Air            0%         ∞         100%        8
 Death's Door             Necr           0%         N/A       100%        9
 Shatter                  Erth           0%         3d5*      100%        9
 Tukima's Dance           Hex            Unusable   N/A       N/A         3
 Summon Small Mammal      Summ           Unusable   N/A       N/A         1
 Call Imp                 Summ           Unusable   N/A       N/A         2
 Animate Armour           Summ/Erth      Unusable   N/A       N/A         4
 Summon Lightning Spire   Summ/Air       Unusable   N/A       N/A         4
 Death Channel            Necr           Unusable   N/A       N/A         6
 Simulacrum               Ice/Necr       Unusable   N/A       N/A         6
 Spellforged Servitor     Conj/Summ      Unusable   N/A       N/A         7
 Summon Hydra             Summ           Unusable   N/A       N/A         7

Dungeon Overview and Level Annotations

Branches:
Dungeon (15/15)            Temple (1/1) D:4            Lair (5/5) D:8
 Shoals (4/4) Lair:3        Snake (4/4) Lair:3        Slime (5/5) Lair:5
    Orc (2/2) D:9             Elf (3/3) Orc:2        Vaults (4/5) D:13
  Crypt (3/3) Vaults:2       Tomb (0/3) Crypt:3      Depths (4/4) D:15
    Zot (5/5) Depths:4     Bailey (visited)         Volcano (visited)

Altars:
Ashenzari
Cheibriados
Dithmenos
Elyvilon
Fedhas
Gozag
Hepliaklqana
Kikubaaqudgha
Makhleb
Nemelex Xobeh
Okawaru
Qazlal
Ru
Sif Muna
Trog
Uskayaw
Vehumet
Wu Jian
Xom
Yredelemnul
Zin
The Shining One
Lugonu

Shops:
D:2 *   D:5 =   Orc:2 (:?(   Elf:1 [   Shoals:1 (   Shoals:2 :   Vaults:3 ?
Vaults:4 (   Zot:4 *   Depths:1 [??(

Portals:
Hell: Lair:5 Depths:1 Depths:2 Depths:3 Depths:4
Abyss: Depths:3
Pandemonium: Depths:2
Ziggurat: Depths:4
Trove: D:15 (give +5 ice dragon scales)

Annotations:
D:5 Sigmund
D:7 2 transporters
D:13 3 runed translucent doors, Mebb's ghost, journeyman SpEn
Lair:2 3 runed translucent doors, Bediveer's ghost, journeyman FeSu
Vaults:2 exclusion: door
Zot:4 3 runed translucent doors, 1 transporter, exclusion: obsidian statue, Heisao's ghost, legendary TrBe


Innate Abilities, Weirdness & Mutations

You are too large for most types of armour.
You have claws for hands.
Your natural rate of healing is unusually fast.
You are covered in fur. (AC +1)
You have tough skin. (AC +1)
You have sharp toenails.
Your body sometimes deteriorates upon taking damage.
Your magical capacity is low. (-10% MP)
You passively map a small area around you.
You are robust. (+10% HP)
You are weak. (Str -2)


Message History

The electric golem hits you but does no damage.
You block the electric golem's attack.
The electric golem hits you but does no damage. x2
You block the electric golem's attack. The electric golem barely misses you.
The electric golem hits you but does no damage.
An orb of fire comes into view.
You gain the combat prowess of a mighty hero.
You block the electric golem's attack.
The electric golem hits you but does no damage.
The electric golem completely misses you.
You block the electric golem's attack.
The electric golem crackles and sizzles.
The electric golem hits you but does no damage.
You block the electric golem's attack.
The electric golem hits you but does no damage.
You block the electric golem's attack.
Throw: 121 large rocks {god gift}
Press: ? - help, Q - select action, (/) - cycle Shift-Dir - straight line, f/p - electric golem
Aim: an electric golem (60% to hit)
You throw a large rock {god gift}.
The large rock {god gift} closely misses the electric golem.
The large rock {god gift} misses the orb of fire.
You block the electric golem's attack. x3
The electric golem completely misses you.
Throw: 120 large rocks {god gift}
Press: ? - help, Q - select action, (/) - cycle Shift-Dir - straight line, f/p - electric golem
Aim: an electric golem (60% to hit)
You throw a large rock {god gift}.
The large rock {god gift} hits the electric golem!!!
The electric golem is moderately damaged.
You block the electric golem's attack. x3
The electric golem closely misses you.
Throw: 119 large rocks {god gift}
Press: ? - help, Q - select action, (/) - cycle Shift-Dir - straight line, f/p - electric golem
Aim: an electric golem (moderately damaged, 60% to hit)
You throw a large rock {god gift}.
The large rock {god gift} hits the electric golem!!!!
The electric golem is almost destroyed.
You block the electric golem's attack. x3
The electric golem closely misses you.
You block the electric golem's attack. x2
The electric golem hits you but does no damage.
You block the electric golem's attack.
Throw: 118 large rocks {god gift}
Press: ? - help, Q - select action, (/) - cycle Shift-Dir - straight line, f/p - electric golem
Aim: an electric golem (almost destroyed, 60% to hit)
You throw a large rock {god gift}.
The large rock {god gift} hits the electric golem!!!!
You destroy the electric golem!
Okawaru accepts your kill.
Your base Armour skill increases to level 19!
Throw: 117 large rocks {god gift}
Press: ? - help, Q - select action, (/) - cycle Shift-Dir - straight line, f - orb of fire
Aim: an orb of fire (60% to hit)
You throw a large rock {god gift}.
The large rock {god gift} hits the orb of fire!
The orb of fire is lightly damaged.
The orb of fire emits a lurid red light.
The fireball explodes!
The fireball engulfs you! You resist.
The fireball engulfs the orb of fire.
The orb of fire completely resists.
You barely miss the orb of fire.
The orb of fire is lightly damaged.
You mangle the orb of fire!!
The orb of fire is moderately damaged.
You claw the orb of fire!
The orb of fire is moderately damaged.
You barely miss the orb of fire.
The orb of fire is moderately damaged.
The orb of fire emits a lurid red light.
The fireball explodes!
The fireball engulfs you! You resist.
The fireball engulfs the orb of fire.
The orb of fire completely resists.
An Orb Guardian comes into view.
You hear a roar!
You miss the orb of fire.
The orb of fire is moderately damaged.
The orb of fire glows bright magenta.
Strange energies course through your body.
Your toenails lengthen and sharpen.
You can now deal lightning-fast blows.
The orb of fire glows bright magenta.
The fireball explodes!
The fireball engulfs you! You resist.
The fireball engulfs the orb of fire.
The orb of fire completely resists.
You barely miss the orb of fire.
You claw the orb of fire, but do no damage.
The orb of fire is moderately damaged.
You claw the orb of fire! Your kick misses the orb of fire.
The orb of fire is heavily damaged.
You miss the orb of fire. Your kick misses the orb of fire.
The orb of fire is moderately damaged.
You eviscerate the orb of fire!!! Your kick misses the orb of fire.
The orb of fire is almost destroyed.
You mangle the orb of fire!!
You destroy the orb of fire!
Okawaru accepts your kill.
Throw: 116 large rocks {god gift}
Press: ? - help, Q - select action, (/) - cycle Shift-Dir - straight line, f - Orb Guardian
Aim: an Orb Guardian (73% to hit)
You throw a large rock {god gift}.
The large rock {god gift} hits the Orb Guardian!!!
The Orb Guardian is heavily wounded.
Throw: 115 large rocks {god gift}
Press: ? - help, Q - select action, (/) - cycle Shift-Dir - straight line, f/p - Orb Guardian
Aim: an Orb Guardian (heavily wounded, 73% to hit)
You throw a large rock {god gift}.
The large rock {god gift} hits the Orb Guardian!!!
You kill the Orb Guardian!
Okawaru accepts your kill.
You pick up the Orb of Zot!
The Orb lets out a hideous shriek!
The lords of Pandemonium are not amused.
Beware!
Now all you have to do is get back out of the dungeon!
You hear a shout! x3
Unknown command.
A Beytticw and a sixfirhy come into view.
You see here a +0 trident.
You feel yourself speed up. You block the sixfirhy's attack.
An Orb Guardian comes into view.
You block the sixfirhy's attack.
You barely miss the sixfirhy. You claw the sixfirhy.
The sixfirhy is lightly wounded.
You mangle the sixfirhy!! Your kick misses the sixfirhy.
The sixfirhy is severely wounded.
You scratch Beytticw but do no damage. Your kick misses Beytticw.
You closely miss Beytticw. You claw Beytticw.
Beytticw is lightly wounded.
Press: ? - help, v - describe, . - travel
Here: Beytticw (lightly wounded)
The floor.
Unknown command.
Unknown command.
Unknown command.
You eviscerate Beytticw!!!! Your kick misses Beytticw.
Beytticw is moderately wounded.
You scratch Beytticw. You claw Beytticw!
Beytticw is moderately wounded.
You block the Orb Guardian's attack. You block Beytticw's attack.
You mangle Beytticw!! Your kick misses Beytticw.
Beytticw is heavily wounded.
You block the Orb Guardian's attack.
You miss Beytticw. Your kick misses Beytticw.
Beytticw is heavily wounded.
Beytticw hits you!!! Beytticw corrodes you!
You eviscerate Beytticw!!!! Your kick misses Beytticw.
Beytticw is almost dead.
You block the sixfirhy's attack. You block Beytticw's attack.
The Orb Guardian hits you but does no damage.
You mangle Beytticw!! Your kick misses Beytticw.
Beytticw is almost dead.
You block the sixfirhy's attack. x2
You eviscerate Beytticw!!!
You kill Beytticw!
Okawaru accepts your kill. You block the sixfirhy's attack.
You scratch the Orb Guardian.
You claw the Orb Guardian, but do no damage.
The Orb Guardian is lightly wounded.
You block the sixfirhy's attack. You block the Orb Guardian's attack.
You mangle the sixfirhy!!
You kill the sixfirhy!
Okawaru accepts your kill.
You closely miss the Orb Guardian.
You claw the Orb Guardian, but do no damage.
The Orb Guardian is lightly wounded.
The Orb Guardian hits you!
You barely miss the Orb Guardian.
You claw the Orb Guardian, but do no damage.
The Orb Guardian is lightly wounded.
You eviscerate the Orb Guardian!!!
You claw the Orb Guardian, but do no damage.
The Orb Guardian is heavily wounded.
You block the Orb Guardian's attack.
You eviscerate the Orb Guardian!!!
You kill the Orb Guardian!
Okawaru accepts your kill.
No target in view!
No target in view!
A demonspawn black sun, a soul eater and a demonspawn corrupter come into view.
The demonspawn black sun is wielding a +2 great sword of freezing.
The soul eater moves out of view.
The demonspawn corrupter calls forth creatures from the Abyss!
Things that are here:
a +2 dagger of flaming {god gift}; a Killer Klown skeleton A starcursed mass splits.
The starcursed mass shrieks in your mind.
You feel like a meek peon again.
You are no longer corroded.
You see here a +2 vorpal spear {god gift}.
Things that are here:
a +12 vampiric club; a Killer Klown skeleton Your extra speed is starting to run out.
Your claws slow down.
You feel yourself slow down.
You see here a +0 flail.
There is a stone staircase leading up here.
You see here the +8 short sword of Perfectionism {god gift, venom, Will+}.
You fly upwards.
Level annotation: 3 runed translucent doors, 1 transporter, exclusion: obsidian statue, Heisao's ghost, legendary TrBe
There is a stone staircase leading down, spattered with blood here.
There is an open door, spattered with blood here.
Things that are here:
a +0 flail; a +0 hand axe You see here a +0 cloak.
Things that are here:
a +0 dire flail; a +1 long sword of flaming
Things that are here:
a +0 cloak; a +0 long sword; a +0 cloak
There is a stone staircase leading up here.
You fly upwards.
There is a stone staircase leading down, spattered with blood here.
You fly downwards.
Level annotation: 3 runed translucent doors, 1 transporter, exclusion: obsidian statue, Heisao's ghost, legendary TrBe
There is a stone staircase leading up here.
Things that are here:
a +0 cloak; a +0 long sword; a +0 cloak
Things that are here:
a +0 dire flail; a +1 long sword of flaming A Hell Sentinel comes into view.
The Hell Sentinel roars!
You mangle the Hell Sentinel!!
You claw the Hell Sentinel, but do no damage.
The Hell Sentinel is lightly wounded.
You scratch the Hell Sentinel but do no damage.
You claw the Hell Sentinel, but do no damage.
The Hell Sentinel is lightly wounded.
You block the Hell Sentinel's attack. x2
You scratch the Hell Sentinel.
You claw the Hell Sentinel, but do no damage.
The Hell Sentinel is lightly wounded.
You block the Hell Sentinel's attack. x2
You eviscerate the Hell Sentinel!!!
You claw the Hell Sentinel, but do no damage.
The Hell Sentinel is heavily wounded.
You block the Hell Sentinel's attack. x2
You scratch the Hell Sentinel.
You claw the Hell Sentinel, but do no damage.
The Hell Sentinel is heavily wounded.
You block the Hell Sentinel's attack. The Hell Sentinel barely misses you.
You eviscerate the Hell Sentinel!!! You claw the Hell Sentinel.
The Hell Sentinel is almost dead.
You eviscerate the Hell Sentinel!!!
You kill the Hell Sentinel!
Okawaru accepts your kill.
(D) Dungeon (T) Temple (L) Lair (A) Shoals (P) Snake Pit (M) Slime Pits (O) Orcish Mines (E) Elven Halls (V) Vaults (C) Crypt (W) Tomb (U) Depths (H) Hell (Z) Zot
Where to? (Enter - Zot:4 @ (x,y), ? - help)
A sixfirhy comes into view.
There is an open door here.
You eviscerate the sixfirhy!!!
You kill the sixfirhy!
Okawaru accepts your kill.
No target in view!
(D) Dungeon (T) Temple (L) Lair (A) Shoals (P) Snake Pit (M) Slime Pits (O) Orcish Mines (E) Elven Halls (V) Vaults (C) Crypt (W) Tomb (U) Depths (H) Hell (Z) Zot
Where to? (Enter - Zot:4 @ (x,y), ? - help)
You see here a +0 flail.
You see here a +0 battleaxe.
You reach down and open the door.
There is an open door here.
An Orb Guardian comes into view.
There is a stone staircase leading up here.
You fly upwards.
There is a stone staircase leading down here.
Things that are here:
a +0 cloak; a +0 dagger You see here a +0 trident.
You see here a +0 mace.
Things that are here:
a +0 lajatang; a scroll of identify
Things that are here:
a +0 dire flail; a +0 hand axe; a +0 halberd You see here a +0 flail.
You see here +0 fire dragon scales.
You see here a +3 halberd of protection {god gift}.
You see here a scroll of identify.
There is a stone staircase leading up, spattered with blood here.
You fly upwards.
There is a stone staircase leading down here.
A tormentor comes into view.
Throw: 114 large rocks {god gift}
Press: ? - help, Q - select action, (/) - cycle Shift-Dir - straight line, f - tormentor
Aim: a tormentor (73% to hit)
You throw a large rock {god gift}.
The large rock {god gift} closely misses the tormentor.
Throw: 113 large rocks {god gift}
Press: ? - help, Q - select action, (/) - cycle Shift-Dir - straight line, f/p - tormentor
Aim: a tormentor (73% to hit)
You throw a large rock {god gift}.
The large rock {god gift} barely misses the tormentor.
Throw: 112 large rocks {god gift}
Press: ? - help, Q - select action, (/) - cycle Shift-Dir - straight line, f/p - tormentor
Aim: a tormentor (73% to hit)
You throw a large rock {god gift}.
The large rock {god gift} hits the tormentor!!
The tormentor is heavily wounded.
The tormentor calls on the powers of darkness!
Your body is wracked with pain!
Throw: 111 large rocks {god gift}
Press: ? - help, Q - select action, (/) - cycle Shift-Dir - straight line, f/p - tormentor
Aim: a tormentor (heavily wounded, 73% to hit)
You throw a large rock {god gift}.
The large rock {god gift} hits the tormentor!!!
You kill the tormentor!
Okawaru accepts your kill.
T - 112 large rocks {god gift} (gained 2)
An Executioner and 3 large abominations come into view.
The Executioner gestures.
The Executioner seems to speed up.
You gain the combat prowess of a mighty hero.
You block the Executioner's attack. x3; The Executioner misses you.
The Executioner hits you but does no damage.
You block the Executioner's attack. The Executioner hits you!
The Executioner hits you but does no damage. x2
You scratch the Executioner but do no damage.
You claw the Executioner.
The Executioner is lightly wounded.
You block the Executioner's attack. x3
You scratch the Executioner. Your kick misses the Executioner.
The Executioner is lightly wounded.
You block the Executioner's attack. x2; The Executioner hits you.
You block the Executioner's attack.
The Executioner hits you but does no damage. x2
You closely miss the Executioner. Your kick misses the Executioner.
You block the Executioner's attack. x5
The Executioner hits you but does no damage.
You claw the Executioner! Your kick misses the Executioner.
The Executioner is lightly wounded.
You block the Executioner's attack. x4; The Executioner completely misses you.
The Executioner hits you but does no damage.
You closely miss the Executioner. You claw the Executioner.
The Executioner is lightly wounded.
You block the Executioner's attack. x3; The large abomination hits you.
The Executioner hits you! The Executioner misses you.
The Executioner hits you but does no damage.
You closely miss the Executioner. Your kick misses the Executioner.
The Executioner is lightly wounded.
You block the Executioner's attack. x3
The large abomination hits you but does no damage.
The Executioner hits you!
The Executioner hits you but does no damage.
The Executioner hits you.
You eviscerate the Executioner!!! Your kick misses the Executioner.
The Executioner is severely wounded.
You block the Executioner's attack. x2; The Executioner barely misses you.
You block the Executioner's attack. The Executioner completely misses you.
The Executioner hits you but does no damage.
The large abomination closely misses you.
You miss the Executioner. Your kick misses the Executioner.
The Executioner is severely wounded.
The Executioner barely misses you. You block the Executioner's attack. x2
The Executioner barely misses you. You block the Executioner's attack.
The Executioner misses you.
You eviscerate the Executioner!!!
You kill the Executioner!
Okawaru accepts your kill.
You block the large abomination's attack.
You scratch the large abomination. You claw the large abomination.
The large abomination is lightly damaged.
You block the large abomination's attack.
You eviscerate the large abomination!!!
You destroy the large abomination!
Okawaru accepts your kill.
You eviscerate the large abomination!!!!
You destroy the large abomination!
Okawaru accepts your kill. Okawaru grants you throwing weapons!
Something appears at your feet!
You block the large abomination's attack.
You scratch the large abomination but do no damage.
You claw the large abomination.
The large abomination is lightly damaged.
You eviscerate the large abomination!!!
You claw the large abomination, but do no damage.
The large abomination is almost destroyed.
You block the large abomination's attack.
You mangle the large abomination!!
You destroy the large abomination!
Okawaru accepts your kill.
N - 30 javelins {god gift} (gained 1)
Things that are here:
a +0 long sword; a +0 glaive
There is a stone staircase leading up, spattered with blood here.
Unknown command.
You fly upwards.
There is a stone staircase leading down, spattered with blood here.
You see here the +10 rapier of Zista {god gift, venom, *Slow rC++ Int+5}.
You see here a +0 war axe.
A balrug and 4 sun demons come into view.
The balrug is wielding a +0 antimagic demon whip.
There is an open gate, spattered with blood here.
You can't go up here!
The sun demon shouts!
There is an open gate here.
You eviscerate the sun demon!!! You claw the sun demon.
You kill the sun demon!
Okawaru accepts your kill. You block the balrug's attack.
There is an open gate, spattered with blood here.
You eviscerate the balrug!!! You claw the balrug, but do no damage.
The balrug is severely wounded.
You block the balrug's attack.
You closely miss the balrug. You claw the balrug, but do no damage.
The balrug is severely wounded.
You block the balrug's attack.
You eviscerate the balrug!!!
You kill the balrug!
Okawaru accepts your kill. You block the sun demon's attack.
You barely miss the sun demon. You claw the sun demon!
The sun demon is lightly wounded.
You block the sun demon's attack.
You eviscerate the sun demon!!! You claw the sun demon.
The sun demon is almost dead.
You block the sun demon's attack.
You eviscerate the sun demon!!!
You kill the sun demon!
Okawaru accepts your kill.
The sun demon hits you but does no damage.
You eviscerate the sun demon!!!!
You kill the sun demon!
Okawaru accepts your kill. You block the sun demon's attack.
You mangle the sun demon!!
You claw the sun demon, but do no damage.
The sun demon is moderately wounded.
You eviscerate the sun demon!!!
You kill the sun demon!
Okawaru accepts your kill.
No target in view!
No target in view!
A lorocyproca comes into view.
You feel like a meek peon again.
You barely miss the lorocyproca.
You claw the lorocyproca, but do no damage.
You scratch the lorocyproca. Your kick misses the lorocyproca.
The lorocyproca is lightly wounded.
You block the lorocyproca's attack.
You eviscerate the lorocyproca!!!
You claw the lorocyproca, but do no damage.
The lorocyproca is severely wounded.
You block the lorocyproca's attack.
You closely miss the lorocyproca. Your kick misses the lorocyproca.
The lorocyproca is severely wounded.
You block the lorocyproca's attack.
You scratch the lorocyproca but do no damage.
You claw the lorocyproca.
The lorocyproca is severely wounded.
You block the lorocyproca's attack.
You mangle the lorocyproca!!
You kill the lorocyproca!
Okawaru accepts your kill.
No target in view!
No target in view!
You see here a +0 battleaxe of freezing.
A ynoxinul comes into view.
You block the ynoxinul's attack.
You claw the ynoxinul! You claw the ynoxinul.
The ynoxinul is moderately wounded.
An Orb Guardian comes into view.
You claw the ynoxinul! You claw the ynoxinul.
The ynoxinul is severely wounded.
The ynoxinul hits you but does no damage.
You barely miss the ynoxinul. Your kick misses the ynoxinul.
The ynoxinul is severely wounded.
The ynoxinul gestures at you.
The iron shot reflects off an invisible shield around you!
The iron shot hits the ynoxinul!
You kill the ynoxinul!
Okawaru accepts your kill. You block the Orb Guardian's attack. x2
You claw the Orb Guardian!
The Orb Guardian is lightly wounded.
You block the Orb Guardian's attack.
You scratch the Orb Guardian. You claw the Orb Guardian!
The Orb Guardian is moderately wounded.
The Orb Guardian hits you!
You miss the Orb Guardian. Your kick misses the Orb Guardian.
The Orb Guardian is moderately wounded.
You block the Orb Guardian's attack.
You closely miss the Orb Guardian. Your kick misses the Orb Guardian.
The Orb Guardian is moderately wounded.
You block the Orb Guardian's attack.
You closely miss the Orb Guardian. Your kick misses the Orb Guardian.
The Orb Guardian is moderately wounded.
You block the Orb Guardian's attack.
You barely miss the Orb Guardian. You claw the Orb Guardian.
The Orb Guardian is moderately wounded.
The Orb Guardian hits you but does no damage.
You mangle the Orb Guardian!! Your kick misses the Orb Guardian.
The Orb Guardian is heavily wounded.
You block the Orb Guardian's attack. x2
You eviscerate the Orb Guardian!!!
You kill the Orb Guardian!
Okawaru accepts your kill.
No target in view!
There is an open gate here.
A seraph and a cherub come into view.
The seraph is wielding a +6 great sword of flaming.
The cherub is wielding a +1 flail of flaming.
The seraph shouts!
The cherub's eagle head screeches!
The cherub unwields a +1 flail of flaming.
It stops flaming.
The cherub wields a +0 sling.
The cherub shoots a sling bullet.
You reflect the sling bullet off an invisible shield around you!
The sling bullet hits the cherub!
The seraph shouts a warning to its allies!
You gain the combat prowess of a mighty hero.
The seraph gestures.
The seraph begins to accept its allies' injuries.
Throw: 112 large rocks {god gift}
Press: ? - help, Q - select action, (/) - cycle Shift-Dir - straight line, f - seraph
Aim: a seraph, wielding a +6 great sword of flaming and wearing +2 pearl dragon scales (haloed, 71% to hit)
You throw a large rock {god gift}.
The large rock {god gift} barely misses the seraph.
Throw: 111 large rocks {god gift}
Press: ? - help, Q - select action, (/) - cycle Shift-Dir - straight line, f/p - seraph
Aim: a seraph, wielding a +6 great sword of flaming and wearing +2 pearl dragon scales (haloed, 71% to hit)
You throw a large rock {god gift}.
The large rock {god gift} misses the seraph.
Throw: 110 large rocks {god gift}
Press: ? - help, Q - select action, (/) - cycle Shift-Dir - straight line, f/p - seraph
Aim: a seraph, wielding a +6 great sword of flaming and wearing +2 pearl dragon scales (haloed, 71% to hit)
You throw a large rock {god gift}.
The large rock {god gift} hits the seraph!!!!
The seraph is moderately wounded.
The seraph gestures.
You feel very mighty all of a sudden.
The seraph gestures.
The seraph begins to accept its allies' injuries.
You claw the seraph! Your kick misses the seraph.
The seraph is moderately wounded.
You block the seraph's attack. The seraph hits you but does no damage.
You eviscerate the seraph!!! You claw the seraph!
The seraph is severely wounded.
You eviscerate the seraph!!! Your kick misses the seraph.
The seraph is almost dead.
You closely miss the seraph. You claw the seraph!
The seraph is almost dead.
You block the daeva's attack. x2; You block the seraph's attack.
The seraph hits you with a +6 great sword of flaming!
You miss the seraph. Your kick misses the seraph.
The seraph is almost dead.
The cherub sings a powerful hymn!
The angels go into a battle-frenzy!
The seraph shouts a warning to its allies!
You block the daeva's attack. x2
The daeva calls down the wrath of the Shining One upon you.
The Shining One smites you!
The daeva hits you with a +3 long sword of holy wrath!!
The daeva misses you.
You claw the seraph! You claw the seraph, but do no damage.
The seraph is almost dead.
The seraph shouts a warning to its allies!
You eviscerate the seraph!!!
You kill the seraph!
Okawaru accepts your kill.
The daeva dissolves into sparkling lights! x3
The angel dissolves into sparkling lights!
The cherub shoots a sling bullet.
You reflect the sling bullet off an invisible shield around you!
The sling bullet completely misses the cherub.
The cherub unwields a +0 sling.
The cherub wields a +1 flail of flaming.
It bursts into flame!
You block the cherub's attack. x2
You closely miss the cherub. Your kick misses the cherub.
The cherub is lightly wounded.
You barely miss the cherub. You claw the cherub!
The cherub is lightly wounded.
You block the cherub's attack. x2
You eviscerate the cherub!!! Your kick misses the cherub.
The cherub is severely wounded.
You block the cherub's attack. The cherub closely misses you.
You mangle the cherub!!
You kill the cherub!
Okawaru accepts your kill.
Items here: )) [[.
T - 110 large rocks {god gift} (gained 1)
T - 111 large rocks {god gift} (gained 1)
T - 112 large rocks {god gift} (gained 1)
You feel like a meek peon again.
A hellephant comes into view.
You can't go up here!
You feel a little less mighty now.
The hellephant blinks!
There is a gate leading back out of this place here.
You fly up through the gate.
Welcome back to the Depths!
There is a gate to the Realm of Zot, spattered with blood here.
There is an escape hatch in the ceiling here.
A mysterious force pulls you upwards. The hatch slams shut behind you.
A tormentor comes into view.
You can't go up here!
You throw a large rock {god gift}.
The large rock {god gift} hits the tormentor!!
The tormentor is severely wounded.
You throw a large rock {god gift}.
The large rock {god gift} hits the tormentor!!!
You kill the tormentor!
Okawaru accepts your kill.
(D) Dungeon (T) Temple (L) Lair (A) Shoals (P) Snake Pit (M) Slime Pits (O) Orcish Mines (E) Elven Halls (V) Vaults (C) Crypt (W) Tomb (U) Depths (H) Hell (Z) Zot
Where to? (Enter - Depths:3 @ (x,y), ? - help)
There is an open door here.
There is an escape hatch in the ceiling here.
A mysterious force pulls you upwards. The hatch slams shut behind you.
There is a stone staircase leading up here.
You fly upwards.
A smoke demon comes into view.
There is a stone staircase leading down here.
You throw a large rock {god gift}.
The large rock {god gift} hits the smoke demon!!!
You kill the smoke demon!
Okawaru accepts your kill.
(D) Dungeon (T) Temple (L) Lair (A) Shoals (P) Snake Pit (M) Slime Pits (O) Orcish Mines (E) Elven Halls (V) Vaults (C) Crypt (W) Tomb (U) Depths (H) Hell (Z) Zot
Where to? (Enter - Depths:2 @ (x,y), ? - help)
A hellwing comes into view.
A hellwing comes into view.
There is a staircase back to the Dungeon here.
You fly upwards.
Welcome back to the Dungeon!
There is a staircase to the Depths here.
Things that are here:
a +0 robe; a +0 dagger
Things that are here:
a +0 halberd; a +0 war axe
There is a stone staircase leading up here.
You fly upwards.
There is a stone staircase leading down here.
A hell hog comes into view.
You can't go up here! 2 hell hogs come into view.
The hell hog squeals angrily. x3
A hell hog comes into view.
The hell hog bites you but does no damage.
The hell hog breathes fire at you.
The fireball explodes!
The fireball engulfs the hell hog.
The hell hog completely resists.
The fireball engulfs you. You resist.
The fireball engulfs the hell hog.
The hell hog completely resists.
The fireball engulfs the hell hog.
The hell hog completely resists.
You claw the hell hog! x2
The hell hog is moderately wounded.
The hell hog breathes fire at you.
The fireball explodes!
The fireball engulfs you. You resist.
The fireball engulfs the hell hog.
The hell hog completely resists.
You mangle the hell hog!! Your kick misses the hell hog.
The hell hog is severely wounded.
You block the hell hog's attack.
You eviscerate the hell hog!!!
You kill the hell hog!
Okawaru accepts your kill. You block the hell hog's attack. x2
The hell hog breathes fire at you.
The fireball explodes!
The fireball engulfs you. You resist.
The fireball engulfs the hell hog.
The hell hog completely resists.
The fireball engulfs the hell hog.
The hell hog completely resists.
The fireball engulfs the hell hog.
The hell hog completely resists.
You block the hell hog's attack. The hell hog bites you.
You eviscerate the hell hog!!! You claw the hell hog.
The hell hog is severely wounded.
The hell hog breathes fire at you.
The fireball explodes!
The fireball engulfs you but does no damage.
You resist.
The fireball engulfs the hell hog.
The hell hog completely resists.
The fireball engulfs the hell hog.
The hell hog completely resists.
The fireball engulfs the hell hog.
The hell hog completely resists.
You block the hell hog's attack. The hell hog breathes fire at you.
The fireball explodes!
The fireball engulfs you but does no damage.
You resist.
The fireball engulfs the hell hog.
The hell hog completely resists.
The fireball engulfs the hell hog.
The hell hog completely resists.
The fireball engulfs the hell hog.
The hell hog completely resists.
You eviscerate the hell hog!!!!
You kill the hell hog!
Okawaru accepts your kill. You block the hell hog's attack. x2
You eviscerate the hell hog!!!
You claw the hell hog, but do no damage.
The hell hog is severely wounded.
You block the hell hog's attack. x2
You closely miss the hell hog. You claw the hell hog!
The hell hog is almost dead.
The hell hog closely misses you. You block the hell hog's attack.
You mangle the hell hog!!
You kill the hell hog!
Okawaru accepts your kill. The hell hog breathes fire at you.
The fireball explodes!
The fireball engulfs you. You resist.
The fireball engulfs the hell hog.
The hell hog completely resists.
You eviscerate the hell hog!!!!
You kill the hell hog!
Okawaru accepts your kill.
A blizzard demon comes into view.
A daeva comes into view.
It is wielding a +5 eudemon blade of holy wrath.
The blizzard demon waves its arms in wide circles.
The air twists around and strikes you.
The blizzard demon waves its arms in wide circles.
The air twists around and strikes you!!
The daeva calls down the wrath of the Shining One upon you.
The Shining One smites you!
A profane servitor comes into view. It is wielding a +2 whip.
There is a stone staircase leading up here.
You fly upwards.
Level annotation: 3 runed translucent doors, Mebb's ghost, journeyman SpEn
There is a stone staircase leading down here.
HP restored.
There is a stone staircase leading up here.
There is an escape hatch in the ceiling here.
A mysterious force pulls you upwards. The hatch slams shut behind you.
An Orb Guardian comes into view.
You throw a large rock {god gift}.
The large rock {god gift} hits the Orb Guardian!!
The Orb Guardian is heavily wounded.
You throw a large rock {god gift}.
The large rock {god gift} hits the Orb Guardian!
The Orb Guardian is severely wounded.
You throw a large rock {god gift}.
The large rock {god gift} hits the Orb Guardian!!!!
You kill the Orb Guardian!
Okawaru accepts your kill.
(D) Dungeon (T) Temple (L) Lair (A) Shoals (P) Snake Pit (M) Slime Pits (O) Orcish Mines (E) Elven Halls (V) Vaults (C) Crypt (W) Tomb (U) Depths (H) Hell (Z) Zot
Where to? (Enter - D:12 @ (x,y), ? - help)
There is an open door here.
There is an open door here.
A sun demon comes into view.
You throw a large rock {god gift}.
The large rock {god gift} hits the sun demon but does no damage.
You throw a large rock {god gift}.
The large rock {god gift} hits the sun demon!!!
The sun demon is severely wounded.
You throw a large rock {god gift}.
The large rock {god gift} completely misses the sun demon.
You throw a large rock {god gift}.
The large rock {god gift} hits the sun demon!
The sun demon is almost dead.
You throw a large rock {god gift}.
The large rock {god gift} hits the sun demon!!!
You kill the sun demon!
Okawaru accepts your kill.
(D) Dungeon (T) Temple (L) Lair (A) Shoals (P) Snake Pit (M) Slime Pits (O) Orcish Mines (E) Elven Halls (V) Vaults (C) Crypt (W) Tomb (U) Depths (H) Hell (Z) Zot
Where to? (Enter - D:12 @ (x,y), ? - help)
There is an open door here.
There is an open door here.
There is an open door, spattered with blood here.
Things that are here:
a +0 giant spiked club; a +0 giant club
There is an escape hatch in the ceiling here.
A mysterious force pulls you upwards. The hatch slams shut behind you.
There is an open door here.
There is an open door, spattered with blood here.
Things that are here:
a +0 giant club; a +0 giant spiked club
There is a stone staircase leading up, spattered with blood here.
You fly upwards.
There is a stone staircase leading down here.
You see here a +2 glaive of venom {god gift}.
There is a stone staircase leading up here.
You fly upwards.
There is a stone staircase leading down here.
Things that are here:
a +0 flail; a +0 spear You see here a +0 club.
Things that are here:
a +0 short sword; a +0 spear You see here a +0 spear.
There is an open door, spattered with blood here.
Items here: ))))) [[.
Things that are here:
a +0 leather armour; a +0 dagger
There is a fountain of clear blue water here.
There is a stone staircase leading up, spattered with blood here.
You fly upwards.
There is a stone staircase leading down, spattered with blood here.
Things that are here:
a +0 scale mail; a +0 glaive
Things that are here:
a +0 chain mail; a +0 trident An orange demon comes into view.
You can't go up here!
A cacodemon comes into view.
The cacodemon shouts!
The orange demon screeches!
You claw the orange demon!
You claw the orange demon, but do no damage.
The orange demon is moderately wounded.
You eviscerate the orange demon!!!
You kill the orange demon!
Okawaru accepts your kill. The cacodemon gestures at you.
Strange energies course through your body.
You feel weaker.
You closely miss the cacodemon.
You claw the cacodemon, but do no damage.
The cacodemon hits you but does no damage.
You block the cacodemon's attack.
A sun demon comes into view.
You eviscerate the cacodemon!!! Your kick misses the cacodemon.
The cacodemon is moderately wounded.
You block the cacodemon's attack. x2
You claw the cacodemon! x2
The cacodemon is heavily wounded.
You closely miss the cacodemon. You claw the cacodemon!
The cacodemon is heavily wounded.
A sun demon comes into view.
You block the cacodemon's attack. x2
You barely miss the cacodemon. You claw the cacodemon.
The cacodemon is severely wounded.
You block the cacodemon's attack. x2
You claw the cacodemon!
You claw the cacodemon, but do no damage.
The cacodemon is severely wounded.
A balrug comes into view.
It is wielding a +0 vampiric demon whip.
You block the cacodemon's attack. x2
You eviscerate the cacodemon!!!
You kill the cacodemon!
Okawaru accepts your kill. You block the sun demon's attack.
The balrug gestures at you.
The fireball explodes!
The fireball engulfs the sun demon.
The sun demon completely resists.
The fireball engulfs the sun demon.
The sun demon completely resists.
The fireball engulfs you but does no damage.
You resist.
You hear a shout!
The sun demon attacks as you move away! You block the sun demon's attack.
The balrug gestures at you.
The bolt of fire hits the sun demon.
The sun demon completely resists.
The bolt of fire hits you. You resist.
A ynoxinul and 2 sun demons come into view.
The sun demon shouts!
You block the sun demon's attack.
There is a stone staircase leading up here.
You fly upwards.
Level annotation: 2 transporters
There is a stone staircase leading down here.
You eviscerate the sun demon!!!
You claw the sun demon, but do no damage.
The sun demon is almost dead.
You block the sun demon's attack.
You closely miss the sun demon. You claw the sun demon.
The sun demon is almost dead.
You eviscerate the sun demon!!!
You kill the sun demon!
Okawaru accepts your kill.
No target in view!
A glowing orange brain comes into view.
You can't go up here!
The glowing orange brain pulsates.
The glowing orange brain radiates an aura of fear!
You resist with almost no effort.
You eviscerate the glowing orange brain!!!
You claw the glowing orange brain, but do no damage.
The glowing orange brain is almost dead.
You scratch the glowing orange brain but do no damage.
You claw the glowing orange brain.
You kill the glowing orange brain!
Okawaru accepts your kill.
No target in view!
A tormentor comes into view.
You can't go up here!
The tormentor moves out of view.
There is a stone staircase leading up here.
You fly upwards.
There is a stone staircase leading down here.
Things that are here:
a +0 robe; a +2 great sword You see here a +0 leather armour.
A hellion comes into view.
There is a stone staircase leading up here.
You fly upwards.
Level annotation: Sigmund
There is a stone staircase leading down here.
You see here a +0 flail.
There is a stone staircase leading up, spattered with blood here.
You fly upwards.
There is a stone staircase leading down, spattered with blood here.
You see here a +0 spear.
There is a stone staircase leading up here.
You fly upwards.
There is a stone staircase leading down here.
There is a stone staircase leading up here.
You fly upwards.
There is a stone staircase leading down here.
There is a stone staircase leading up here.
You fly upwards.
There is a stone staircase leading down here.
You can't go up here!
An ancient lich and a green death come into view.
You gain the combat prowess of a mighty hero.
The ancient lich shouts!
The green death roars!
Riozoc comes into view.
Riozoc growls, "I will devour thy liver!"
You scratch Riozoc but do no damage. You claw Riozoc!
Riozoc is lightly wounded.
Press: ? - help, v - describe, . - travel
Here: Riozoc (lightly wounded)
The floor.
Unknown command.
Unknown command.
Unknown command.
You can now deal lightning-fast blows.
You block Riozoc's attack.
A red film seems to cover your vision as you go berserk!
Your finesse ends abruptly.
You feel yourself moving faster!
You feel mighty! You block Riozoc's attack.
You scratch Riozoc but do no damage. Your kick misses Riozoc.
Riozoc is lightly wounded.
Riozoc gestures at you. The bolt of fire hits you! You resist.
The ancient lich misses you.
You scratch Riozoc but do no damage. Your kick misses Riozoc.
Riozoc is lightly wounded.
You eviscerate Riozoc!!! You claw Riozoc.
Riozoc is moderately wounded.
You closely miss Riozoc. Your kick misses Riozoc.
Riozoc is moderately wounded.
Riozoc hits you but does no damage. The ancient lich misses you.
You claw Riozoc! You claw Riozoc, but do no damage.
Riozoc is heavily wounded.
You eviscerate Riozoc!!!!
Riozoc is almost dead.
Riozoc gestures at you. The bolt of fire hits you! You resist.
You block the ancient lich's attack.
You eviscerate Riozoc!!!
You kill Riozoc!
Okawaru accepts your kill.
You eviscerate the ancient lich!!!! You claw the ancient lich!
The ancient lich is almost destroyed.
You claw the ancient lich!
You claw the ancient lich, but do no damage.
The ancient lich is almost destroyed.
The ancient lich points at you and mumbles some strange words.
You resist with some effort.
You closely miss the ancient lich. Your kick misses the ancient lich.
The ancient lich is almost destroyed.
You closely miss the ancient lich. You claw the ancient lich.
You destroy the ancient lich!
Okawaru accepts your kill. Okawaru grants you throwing weapons!
Something appears at your feet! The green death gestures at you.
The blast of poison engulfs you but does no damage.
You are poisoned.
Base training target 20.0 for Armour reached!
Your base Armour skill increases to level 20!
You need to enable at least one skill for training.
You eviscerate the green death!!! Your kick misses the green death.
The green death is heavily wounded.
You are engulfed in poison gas.
You are more poisoned.
You feel very sick.
You mangle the green death!!
You kill the green death!
Okawaru accepts your kill.
You are engulfed in poison gas.
You are more poisoned.
You feel very sick.
No target in view!
No target in view!
You are engulfed in poison gas.
You are more poisoned.
You feel extremely sick.
You feel a strong urge to attack something.
You are engulfed in poison gas.
You are more poisoned.
You feel extremely sick.
You are no longer berserk.
You are exhausted.
You feel yourself slow down.
You feel extremely sick.
You feel extremely sick.
You feel extremely sick.
You feel extremely sick.
You feel very sick.
Things that are here:
5 stones; a +0 dagger You feel very sick.
You feel very sick.
You feel sick.
You feel sick.
You feel sick.
You feel sick.
You feel sick.
You are no longer poisoned.
HP restored.
You feel like a meek peon again.
You hear a grinding noise. x2
A cacodemon comes into view.
The cacodemon moves out of view.
You feel yourself speed up.
The cacodemon gestures at the rock wall.
Some rock shatters into small pieces.
There is a staircase leading out of the dungeon here.
You have escaped!

.....##..## ##..[# ##...###.#
...######.##* #...#
##.##))...#
......####.##*##.##
##.####>.###
#####.#####.####.####.#####..#
# #.# ####.###.###.######..#
#.# ####.##.##.#####*#..#
#.########.#.#.##### #..#
#.....####..#.#########..#
####........@#.......##..#
#########...#########..####
####.#...########...... ##
##..#.#..#.####..##### .#
##.##..##.2.# #### .#
##.####.###..## * .#
##.#####..###..##* .#
##.######..###.#.## .# #.#####
#..###.##.#


You could see a cacodemon.

Vanquished Creatures
  the Royal Jelly (Slime:5)
  2 pandemonium lords
  A seraph (Zot:1)
  Tiamat (Zot:2)
  A dread lich (Vaults:4)
  3 ancient liches
  2 juggernauts
  5 orbs of fire (Zot:5)
  Sojobo (Crypt:1)
  A royal mummy (Crypt:2)
  Boris (twice) (Crypt:2 Crypt:3)
  3 Killer Klowns (Zot:5)
  Vv (Zot:3)
  Saint Roka (Vaults:4)
  Xtahua (Depths:4)
  Frederick (Depths:4)
  4 caustic shrikes
  12 golden dragons
  3 curse toes
  2 bone dragons
  The ghost of ChongLi the Polluter, an adept DsVM of Sif Muna (Vaults:2)
  4 electric golems
  11 tentacled monstrosities
  6 liches
  A Hell Sentinel (Zot:4)
  2 walking crystal tomes
  7 titans
  25 Orb Guardians
  A walking earthen tome (Depths:3)
  2 deep elf master archers (Elf:3)
  3 deep elf blademasters
  6 quicksilver dragons
  A walking divine tome (Depths:4)
  8 death cobs
  An Executioner (Zot:2)
  20 acid blobs
  2 ancient champions
  4 tentacled starspawn (Abyss:2)
  6 sphinxes
  Kirke (Shoals:3)
  5 shadow dragons
  Donald (Snake:1)
  4 revenants
  Ilsuiw (Shoals:2)
  16 nagarajas
  8 tengu reavers
  17 storm dragons
  16 rockslimes
  14 azure jellies
  6 draconian monks
  8 fire giants
  12 frost giants
  13 vault wardens
  8 draconian scorchers
  A cacodemon (D:8)
  4 ghost moths
  4 deep elf elementalists
  6 draconian knights
  Louise (Arena)
  6 draconian stormcallers
  An orc warlord (Bailey)
  8 deep elf sorcerers
  3 iron dragons
  8 draconian shifters
  A juggernaut zombie (Crypt:3)
  Aizul (Snake:4)
  2 spectral caustic shrikes (Depths:1)
  A spriggan defender (Depths:3)
  2 curse skulls (Crypt:1)
  17 ironbound preservers
  2 reapers
  A caustic shrike skeleton (Crypt:2)
  2 balrugs
  9 quicksilver oozes
  8 ghouls
  6 draconian annihilators
  2 war gargoyles
  The ghost of groovy9 the Brawler, a journeyman TrFi of Wu Jian (Orc:1)
  11 very ugly things
  7 ironbound thunderhulks
  14 green draconians
  Nessos (D:15)
  11 vampire knights
  19 stone giants
  9 deep elf annihilators
  6 spark wasps
  26 black draconians
  13 yellow draconians
  A lorocyproca (Zot:1)
  5 deep elf demonologists (Elf:3)
  8 purple draconians
  15 white draconians
  8 dire elephants
  11 red draconians
  3 eidola
  A spark wasp (shapeshifter) (Elf:3)
  11 deep elf death magi
  6 mummy priests (Crypt:3)
  Snorg (Lair:3)
  12 ettins
  12 fire dragons
  A green death (D:1)
  A quicksilver dragon zombie (Crypt:3)
  6 merfolk javelineers
  7 deep elf high priests
  7 merfolk impalers
  5 jiangshi
  13 great orbs of eyes
  Josephine (Lair:3)
  Fannar (Lair:2)
  8 yaktaur captains
  6 vault guards
  A quicksilver dragon skeleton (Crypt:1)
  7 ice dragons
  Erolcha (Orc:2)
  3 salamander tyrants (Snake:4)
  Harold (D:8)
  An ice dragon (shapeshifter) (Depths:3)
  A jorogumo (shapeshifter) (Depths:2)
  2 peacekeepers
  5 spriggan air magi
  7 ironbound frosthearts
  14 two-headed ogres
  5 boulder beetles
  Erica (D:9)
  6 hydras
  6 ogre magi
  2 alligator snapping turtles
  5 anacondas
  A catoblepas (Vaults:2)
  5 death knights
  18 naga warriors
  A satyr (Shoals:4)
  7 centaur warriors
  4 merfolk aquamancers (Shoals:4)
  An Orb Guardian skeleton (Crypt:3)
  24 dancing weapons
  4 merfolk avatars
  A bennu skeleton (Crypt:2)
  7 deep troll shamans
  A titan zombie (Crypt:1)
  8 tengu warriors
  8 hell hogs
  An orc high priest (Elf:1)
  3 shock serpents
  8 deep troll earth magi
  5 hell knights
  2 thrashing horrors (Abyss:2)
  5 vampire magi
  Sonja (Lair:2)
  11 deep elf knights
  10 naga sharpshooters
  8 soul eaters
  10 sun demons
  A storm dragon zombie (Crypt:1)
  Nergalle (Orc:2)
  A titan skeleton (Crypt:1)
  12 iron trolls
  2 sixfirhies
  4 salamander mystics
  23 skeletal warriors
  7 shadow wraiths
  Lodul (D:10)
  64 deep trolls
  8 flayed ghosts
  13 ironbound convokers
  5 naga ritualists
  A cherub (Zot:1)
  2 swamp dragons (Zot:3)
  18 phantasmal warriors
  10 wizards
  9 bog bodies
  3 deep elf archers
  A bunyip skeleton (Crypt:1)
  6 sea snakes
  4 glowing orange brains
  10 lindwurms
  8 necromancers
  2 wolf spiders
  An orc knight (Orc:1)
  23 deep elf pyromancers
  18 deep elf zephyrmancers
  11 harpies
  A tengu zombie (D:15)
  5 mana vipers
  A stone giant zombie (D:15)
  16 manticores
  A will-o-the-wisp (Abyss:2)
  A sphinx zombie (Depths:1)
  12 cyclopes
  9 orc sorcerers
  14 fauns
  19 salamanders
  41 ugly things
  34 moths of wrath
  A worldbinder (Abyss:2)
  5 shining eyes
  2 centaur zombies
  3 eyes of devastation
  17 elephants
  2 stone giant skeletons
  15 merfolk sirens
  8 guardian serpents
  20 naga magi
  A black mamba (shapeshifter) (Depths:3)
  25 black mambas
  3 apocalypse crabs (Abyss:2)
  A cane toad (shapeshifter) (Depths:2)
  4 water nymphs
  2 fire giant skeletons
  2 molten gargoyles (Volcano)
  13 cane toads
  14 vault sentinels
  A gargoyle (D:13)
  A torpor snail (Lair:5)
  Maggie (D:7)
  A storm dragon simulacrum (Crypt:3)
  4 orange demons
  5 smoke demons
  2 unseen horrors
  A pale draconian zombie (Crypt:1)
  2 freezing wraiths
  A steelbarb worm zombie (Crypt:2)
  5 rime drakes
  An ice devil (Lair:5)
  2 efreet
  2 hellwings
  4 spriggan zombies
  27 yaktaurs
  A sea snake zombie (Crypt:3)
  3 komodo dragons
  5 tengu conjurers
  2 red devils (Lair:5)
  2 tormentors
  33 guardian mummies (Crypt:3)
  A death yak skeleton (Crypt:1)
  12 trolls
  2 ancient zymes (Abyss:2)
  9 meliai (Depths:3)
  2 hornets
  5 polar bears
  2 harpy zombies
  36 merfolk
  3 raiju (Abyss:2)
  Prince Ribbit (D:9)
  A tengu simulacrum (Depths:1)
  2 harpy skeletons (Crypt:1)
  9 wind drakes
  An ettin zombie (Crypt:1)
  10 blink frogs
  11 dream sheep
  114 slime creatures
  A jumping spider (Vaults:2)
  8 snapping turtles
  17 starcursed masses (Abyss:2)
  An alligator skeleton (Crypt:3)
  5 flying skulls (Crypt:2)
  8 large abominations
  2 ynoxinuls
  14 wraiths
  3 air elementals
  2 wyverns
  A vampire (D:13)
  5 small abominations (Abyss:2)
  34 yaks
  2 shadows (D:10)
  3 hogs
  17 water elementals
  7 golden eyes
  4 humans (Shoals:4)
  5 ushabtiu (Crypt:3)
  4 neqoxecs
  4 fire elementals
  Grum (D:8)
  8 basilisks
  A steam dragon (D:7)
  3 chaos spawn
  10 vampire mosquitoes
  5 wargs
  2 spatial vortices (Vaults:2)
  39 nagas
  A fire bat zombie (Crypt:1)
  Edmund (D:5)
  2 acid dragons
  2 floating eyes
  7 hell hounds
  15 water moccasins
  12 orc warriors
  A floating eye zombie (Crypt:3)
  2 sky beasts
  3 ice beasts
  2 black bears
  3 boggarts
  12 wolves
  9 centaurs
  26 ogres
  4 kobold brigands
  A salamander zombie (Crypt:2)
  4 phantoms (D:5)
  2 earth elementals (Vaults:2)
  12 bullfrogs
  2 scorpions
  2 gnoll sergeants
  4 necrophages
  A wyvern zombie (Crypt:1)
  33 wights
  9 killer bees
  4 howler monkeys
  A vampire bat (Vaults:2)
  4 electric eels
  4 lava snakes (Volcano)
  3 hounds
  5 jellies
  Crazy Yiuf (D:7)
  17 orc priests
  An iron imp (Abyss:2)
  A gnoll bouda (D:9)
  2 iguanas
  31 orc wizards
  Natasha (thrice) (D:2)
  A basilisk skeleton (Crypt:1)
  4 hell rats (Lair:4)
  Ijyb (D:3)
  An ogre zombie (Crypt:2)
  An acid dragon zombie (Crypt:3)
  A hound zombie (Crypt:2)
  7 mummies (Crypt:3)
  Robin (D:2)
  29 gnolls
  A river rat (shapeshifter) (Vaults:4)
  7 adders
  A shadow imp (D:6)
  A white imp (D:5)
  2 ufetubi
  A lava snake zombie (Crypt:1)
  A lava snake skeleton (Crypt:3)
  3 worms
  3 dart slugs
  50 orcs
  4 ball pythons
  2 endoplasms
  18 giant cockroaches
  A gnoll zombie (Crypt:3)
  19 goblins
  15 hobgoblins
  4 jackals
  9 quokkas
  16 bats
  2 frilled lizards (D:3)
  A jackal skeleton (Crypt:2)
  A jackal zombie (Crypt:3)
  23 kobolds
  4 rats
  A starspawn tentacle (Abyss:2)
2464 creatures vanquished.

Vanquished Creatures (others)
  A fire giant (Depths:3)
  A black draconian (Zot:4)
  A deep elf zephyrmancer (Elf:3)
  A wizard (Vaults:4)
  A boggart (Vaults:1)
  10 foxfires (Abyss:2)
  30 fungi
  A lurking horror (Abyss:2)
  70 plants
  11 starspawn tentacles (Abyss:2)
127 creatures vanquished.

Grand Total: 2591 creatures vanquished

Notes
Turn   | Place    | Note
-------+----------+-------------------------------------------
     0 | D:5      | sleeves the Troll Delver began the quest for the Orb.
     0 | D:5      | Reached XP level 1. HP: 22/22 MP: 0/0
     9 | D:5      | Noticed a water moccasin
    23 | D:5      | Noticed a phantom
    57 | D:6      | Noticed a hornet
    90 | D:6      | Reached XP level 2. HP: 29/29 MP: 1/1
    94 | D:6      | Noticed a yak
    94 | D:6      | Noticed a yak
    95 | D:6      | Noticed a yak
   157 | D:5      | HP: 9/29 [phantom (7)]
   182 | D:5      | HP: 14/29 [phantom (2)]
   183 | D:5      | Killed a phantom
   184 | D:5      | Reached skill level 4 in Unarmed Combat
   184 | D:5      | Reached XP level 3. HP: 19/36 MP: 2/2
   184 | D:5      | Reached XP level 4. HP: 23/44 MP: 3/3
   218 | D:5      | Reached skill level 5 in Unarmed Combat
   237 | D:4      | HP: 18/44 [worm (7)]
   293 | D:5      | HP: 20/44 [gnoll/+0 flail (8)]
   295 | D:5      | Reached XP level 5. HP: 23/50 MP: 4/4
   367 | D:4      | Found a staircase to the Ecumenical Temple.
   383 | Temple   | Entered the Ecumenical Temple
   579 | Temple   | Became a worshipper of Warmaster Okawaru
   659 | D:2      | Noticed Natasha
   665 | D:2      | Killed Natasha
  1636 | D:2      | Noticed Robin
  1654 | D:2      | Reached skill level 6 in Unarmed Combat
  1675 | D:2      | Killed Robin
  1878 | D:2      | Noticed Natasha
  1884 | D:2      | Killed Natasha
  1885 | D:2      | Reached XP level 6. HP: 59/59 MP: 5/5
  2172 | D:2      | Found Apounad's General Store.
  2348 | D:2      | Noticed Natasha
  2355 | D:2      | Killed Natasha
  2546 | D:3      | You fall into a shaft and drop 1 floor!
  2716 | D:3      | Found a faded altar of an unknown god.
  2733 | D:3      | Noticed Ijyb
  2744 | D:3      | Killed Ijyb
  3120 | D:4      | Reached skill level 1 in Throwing
  3272 | D:4      | Found a burning altar of Makhleb.
  3400 | D:4      | Reached skill level 7 in Unarmed Combat
  3407 | D:4      | Noticed a yak
  3407 | D:4      | Noticed a wyvern
  3699 | D:5      | Reached skill level 2 in Throwing
  3699 | D:5      | Reached XP level 7. HP: 54/66 MP: 6/6
  3716 | D:5      | Noticed Edmund
  3749 | D:5      | Killed Edmund
  3798 | D:5      | Reached * piety under Okawaru
  3832 | D:5      | Reached skill level 3 in Throwing
  3921 | D:5      | Found Acwut's Jewellery Shop.
  4162 | D:5      | Reached skill level 8 in Unarmed Combat
  4202 | D:5      | Noticed Sigmund
  4314 | D:5      | Reached skill level 4 in Throwing
  4314 | D:5      | Reached XP level 8. HP: 69/74 MP: 7/7
  4453 | D:5      | HP: 35/74 [gnoll/+0 spear (8)]
  4722 | D:6      | Reached skill level 5 in Throwing
  4753 | D:5      | Reached ** piety under Okawaru
  4754 | D:5      | Reached skill level 9 in Unarmed Combat
  4778 | D:5      | Reached skill level 6 in Throwing
  4804 | D:6      | Reached XP level 9. HP: 75/80 MP: 8/8
  4937 | D:6      | Reached skill level 2 in Dodging
  5017 | D:6      | Found an ornate altar of the Wu Jian Council.
  5119 | D:6      | Reached skill level 10 in Unarmed Combat
  5153 | D:6      | Reached *** piety under Okawaru
  5639 | D:6      | Reached skill level 3 in Dodging
  5768 | D:6      | Reached skill level 7 in Throwing
  5893 | D:7      | Found a transporter.
  5898 | D:7      | Noticed a purple ugly thing
  5901 | D:7      | Found a transporter.
  5901 | D:7      | Noticed a cyan ugly thing
  5902 | D:7      | Found a corrupted altar of Lugonu.
  5902 | D:7      | Noticed a purple ugly thing
  5942 | D:7      | Found a basalt altar of Yredelemnul.
  5987 | D:7      | Identified a scroll of acquirement
  5988 | D:7      | Acquired a manual of Dodging
  6045 | D:7      | Reached skill level 4 in Dodging
  6076 | D:7      | Noticed Maggie
  6089 | D:7      | Killed Maggie
  6089 | D:7      | Reached **** piety under Okawaru
  6175 | D:7      | Received a gift from Okawaru
  6176 | D:7      | Reached skill level 3 in Fighting
  6211 | D:7      | Reached XP level 10. HP: 91/91 MP: 9/9
  6519 | D:7      | Found a runed translucent door.
  6520 | D:7      | Noticed Crazy Yiuf
  6677 | D:7      | Killed Crazy Yiuf
  6735 | D:8      | Noticed Maurice
  6736 | D:8      | Noticed Maurice
  6736 | D:8      | Maurice changed into Maurice the golden eye
  6738 | D:8      | Killed Maurice the golden eye
  6739 | D:8      | Reached skill level 5 in Dodging
  6860 | D:8      | Received a gift from Okawaru
  6913 | D:8      | Reached skill level 11 in Unarmed Combat
  7031 | D:8      | Noticed Grum
  7049 | D:8      | Reached skill level 8 in Throwing
  7057 | D:8      | Killed Grum
  7133 | D:8      | Reached skill level 4 in Fighting
  7138 | D:8      | Reached skill level 6 in Dodging
  7241 | D:8      | Found a staircase to the Lair.
  7350 | D:8      | Reached ***** piety under Okawaru
  7715 | D:8      | HP: 41/94 [killer bee (7)]
  7720 | D:8      | HP: 19/94 [poisoned by a killer bee]
  7725 | D:8      | HP: 15/94 [poisoned by a killer bee]
  7730 | D:8      | HP: 19/94 [poisoned by a killer bee]
  7917 | D:9      | Reached skill level 7 in Dodging
  7942 | D:9      | Noticed Harold
  8012 | D:8      | Killed Harold
  8013 | D:8      | Reached XP level 11. HP: 87/101 MP: 10/10
  8098 | D:9      | Found a white marble altar of Elyvilon.
  8174 | D:9      | Found a staircase to the Orcish Mines.
  8207 | D:9      | Reached skill level 5 in Fighting
  8251 | D:9      | Noticed a two-headed ogre
  8272 | D:9      | Killed a two-headed ogre
  8272 | D:9      | Received a gift from Okawaru
  8506 | D:9      | Noticed Prince Ribbit
  8513 | D:9      | Killed Prince Ribbit
  8519 | D:9      | Noticed Erica
  8549 | D:9      | Killed Erica
  8549 | D:9      | Received a gift from Okawaru
  8550 | D:9      | Reached skill level 9 in Throwing
  8746 | D:10     | Entered Level 10 of the Dungeon
  8750 | D:10     | Noticed a two-headed ogre
  8760 | D:10     | Killed a two-headed ogre
  8761 | D:10     | Reached skill level 8 in Dodging
  8761 | D:10     | Reached skill level 12 in Unarmed Combat
  8913 | D:10     | Found a flagged portal.
  8928 | Bailey   | Entered a bailey
  8946 | Bailey   | Noticed an orc warlord
  9046 | Bailey   | Found a runed translucent gate.
  9047 | Bailey   | Found a runed translucent gate.
  9067 | Bailey   | Noticed an orc knight
  9075 | Bailey   | an orc knight changed into a yak
  9081 | Bailey   | Received a gift from Okawaru
  9094 | Bailey   | Found a runed translucent gate.
  9291 | Bailey   | HP: 38/104 [orc warlord/+4 broad axe (21)]
  9300 | Bailey   | Killed an orc warlord
  9322 | Bailey   | Identified the +7 shortbow of Death {venom, rElec}
  9323 | Bailey   | Reached skill level 6 in Armour
  9323 | Bailey   | Reached XP level 12. HP: 102/113 MP: 11/11
  9416 | D:10     | Found a hide-covered altar of Uskayaw.
  9562 | D:10     | Noticed Lodul
  9584 | D:10     | Reached ****** piety under Okawaru
  9597 | D:10     | Killed Lodul
  9597 | D:10     | Received a gift from Okawaru
  9598 | D:10     | Reached skill level 7 in Armour
  9622 | D:10     | Reached skill level 6 in Fighting
  9825 | D:10     | Acquired the +1 hat "Koybbes" {Will+}
  9895 | D:10     | Found a sacrificial altar of Ru.
  9999 | D:10     | Found a snail-covered altar of Cheibriados.
 10052 | D:11     | Noticed a two-headed ogre
 10066 | D:10     | Received a gift from Okawaru
 10101 | D:11     | Noticed a seven-headed hydra
 10108 | D:11     | Killed a seven-headed hydra
 10109 | D:11     | Reached skill level 9 in Dodging
 10238 | D:11     | HP: 41/115 [two-headed ogre/+0 giant spiked club (22)]
 10240 | D:11     | Killed a two-headed ogre
 10722 | D:12     | Noticed an eight-headed hydra
 10727 | D:12     | Killed an eight-headed hydra
 10728 | D:12     | Reached skill level 10 in Throwing
 10728 | D:12     | Reached XP level 13. HP: 123/123 MP: 12/12
 11009 | D:12     | Received a gift from Okawaru
 11086 | D:12     | Found a frozen archway.
 11181 | D:12     | Reached skill level 10 in Dodging
 11321 | D:12     | Reached skill level 7 in Fighting
 11321 | D:12     | Reached skill level 13 in Unarmed Combat
 11610 | D:12     | Acquired a manual of Hexes
 11734 | D:13     | Received a gift from Okawaru
 11735 | D:13     | Reached skill level 1 in Hexes
 11920 | Lair:1   | Entered Level 1 of the Lair of Beasts
 12008 | Lair:1   | Received a gift from Okawaru
 12416 | Lair:1   | Reached skill level 2 in Hexes
 12780 | Lair:2   | Noticed Fannar
 12796 | Lair:2   | Killed Fannar
 12831 | Lair:2   | Received a gift from Okawaru
 12859 | Lair:2   | Noticed Sonja
 12860 | Lair:2   | Killed Sonja
 12961 | Lair:2   | Found a runed translucent gate.
 12961 | Lair:2   | Found a runed translucent gate.
 12963 | Lair:2   | Found a runed translucent gate.
 13003 | Lair:2   | Reached skill level 3 in Hexes
 13246 | Lair:2   | Found a dark tunnel.
 13258 | Volcano  | Entered a volcano
 13362 | Volcano  | Found a burning altar of Makhleb.
 13366 | Volcano  | CougarLife: pop heroism
 13375 | Volcano  | Reached skill level 11 in Dodging
 13396 | Volcano  | Noticed a red draconian
 13405 | Volcano  | Killed a red draconian
 13433 | Volcano  | Received a gift from Okawaru
 13626 | Lair:2   | Reached skill level 11 in Throwing
 13649 | Lair:2   | Noticed Bediveer's ghost (journeyman FeSu)
 13715 | Lair:2   | Reached skill level 4 in Hexes
 14048 | Lair:3   | Noticed Snorg
 14049 | Lair:3   | CougarLife: well thats unfortunate
 14049 | Lair:3   | CougarLife: you might be able to just murder him with
                  | hero+finesse
 14049 | Lair:3   | sleeves: possibly but he spooky
 14049 | Lair:3   | CougarLife: up 2 u if you wanna spend the piety for finesse
 14049 | Lair:3   | CougarLife: meh of all the uniques you could run into in
                  | lair hes not that bad
 14049 | Lair:3   | CougarLife: the mf with the dream sheep is real spooky
 14054 | Lair:3   | CougarLife: either way i think you should pop hero
 14060 | Lair:3   | Killed Snorg
 14063 | Lair:3   | CougarLife: hero is cheap as hell
 14115 | Lair:3   | Reached skill level 8 in Fighting
 14176 | Lair:3   | Reached XP level 14. HP: 129/136 MP: 13/13
 14181 | Lair:3   | Noticed Josephine
 14232 | Lair:3   | Killed Josephine
 14253 | Lair:3   | CougarLife: always try to pop hero at the beginning of a
                  | fight
 14253 | Lair:3   | sleeves: is it that cheap
 14253 | Lair:3   | CougarLife: ye
 14253 | Lair:3   | CougarLife: read it
 14253 | Lair:3   | CougarLife: its description
 14253 | Lair:3   | CougarLife: not every fight but like
 14253 | Lair:3   | CougarLife: one sec lemme check wiki for more specific
                  | costs
 14282 | Lair:3   | CougarLife: heroism costs 1-2 piety
 14302 | Lair:3   | CougarLife: which youre gonna gain back easily if youre
                  | killing multiple enemies
 14380 | Lair:3   | Found a staircase to the Shoals.
 14401 | Lair:3   | CougarLife: finesse and higher is more expensive
 14510 | Lair:3   | CougarLife: try not to spam finesse unless youre mega
                  | fucked
 14646 | Lair:3   | CougarLife: slow down
 14648 | Lair:3   | CougarLife: should pop hero on hydras always
 14648 | Lair:3   | CougarLife: its +5 to all phys/magical skills
 14649 | Lair:3   | CougarLife: really strong for how cheap it is
 14792 | Lair:3   | Found a staircase to the Snake Pit.
 15052 | Lair:4   | Reached skill level 5 in Hexes
 15161 | Lair:4   | CougarLife: youre a madman for somebody with 15 rune wins
                  | lmao
 15188 | Lair:4   | Reached skill level 14 in Unarmed Combat
 15256 | Lair:4   | Identified the +7 kite shield of the Heavens {god gift,
                  | Rampage Str-3 Int+6} (Okawaru gifted it to you on level 4
                  | of the Lair of Beasts)
 15256 | Lair:4   | Received a gift from Okawaru
 15269 | Lair:4   | Reached skill level 12 in Dodging
 15278 | Lair:4   | CougarLife: damn 2 manuals?
 15336 | Lair:4   | Reached skill level 1 in Shields
 15534 | Lair:4   | Reached skill level 2 in Shields
 15553 | Lair:4   | Reached skill level 3 in Shields
 15553 | Lair:4   | CougarLife: what made you want to give up that 27 ev
 15574 | Lair:4   | Identified the +5 spear "Syrhem" {drain, MP+9}
 16063 | Lair:5   | Entered Level 5 of the Lair of Beasts
 16103 | Lair:5   | Reached skill level 1 in Invocations
 16211 | Lair:5   | Reached skill level 2 in Invocations
 16248 | Lair:5   | Reached skill level 4 in Shields
 16554 | Lair:5   | Reached skill level 3 in Invocations
 16815 | Lair:5   | Reached skill level 5 in Shields
 16831 | Lair:5   | Reached skill level 4 in Invocations
 17036 | Lair:5   | Found a staircase to the Slime Pits.
 17190 | Lair:5   | Received a gift from Okawaru
 17199 | Lair:5   | CougarLife: does oka gift more with higher piety?
 17233 | Lair:5   | Found a burning altar of Makhleb.
 17365 | Lair:5   | Reached skill level 6 in Shields
 17365 | Lair:5   | Reached skill level 5 in Invocations
 17406 | Lair:5   | Received a gift from Okawaru
 17603 | Lair:5   | Found a gateway to Hell.
 17615 | Lair:5   | Learned a level 2 spell: Blink
 17794 | Orc:1    | Entered Level 1 of the Orcish Mines
 17979 | Orc:1    | Noticed groovy9's ghost (journeyman TrFi)
 17983 | Orc:1    | Found a transporter.
 17984 | Orc:1    | Found a bloodstained altar of Trog.
 18046 | Orc:1    | Found a transporter.
 18265 | Orc:2    | Entered Level 2 of the Orcish Mines
 18265 | Orc:2    | Found a staircase to the Elven Halls.
 18662 | Orc:2    | Reached XP level 15. HP: 145/145 MP: 18/18
 18783 | Orc:2    | Received a gift from Okawaru
 18852 | Orc:2    | Found Gaass's Magic Scroll Shoppe.
 18871 | Orc:2    | Found Yxkesumo's Antique Weapon Emporium.
 18927 | Orc:2    | Bought a scroll of blinking for 112 gold pieces
 18940 | Orc:2    | Found an ancient bone altar of Kikubaaqudgha.
 18941 | Orc:2    | Noticed Nergalle
 18988 | Orc:2    | Found Gixoun's Book Shoppe.
 18994 | Orc:2    | Killed Nergalle
 18995 | Orc:2    | Reached skill level 6 in Invocations
 19027 | Orc:2    | Noticed Erolcha
 19028 | Orc:2    | CougarLife: duel very expensive
 19028 | Orc:2    | sleeves: can i be banished in a duel
 19042 | Orc:2    | Reached skill level 7 in Shields
 19061 | Orc:2    | CougarLife: no
 19068 | Orc:2    | CougarLife: does not prevent summoning but does prevent
                  | banish
 19068 | Orc:2    | CougarLife: costs 7mp and 7-15 piety
 19079 | Orc:2    | Killed Erolcha
 19079 | Orc:2    | Received a gift from Okawaru
 19100 | Orc:2    | CougarLife: i feel like by the time duel becomes relevant
                  | you should have willpower and banishment shouldnt be that
                  | big of a worry
 19103 | Orc:2    | Found a radiant altar of Vehumet.
 19119 | Orc:2    | CougarLife: but i also havent done an orb run in a long
                  | time
 19173 | Orc:2    | CougarLife: dont remember what panlords can and cant do
 19173 | Orc:2    | sleeves: you havent played or you just dont try to win?
 19173 | Orc:2    | Found Nitust's Antique Weapon Emporium.
 19183 | Orc:2    | CougarLife: ive played
 19185 | Orc:2    | CougarLife: i just dont like to read LMAO
 19213 | Orc:2    | CougarLife: i usually die around lair
 19262 | Orc:2    | CougarLife: or early cuz i just challenge sigmund for no
                  | reason
 19262 | Orc:2    | sleeves: oh i see
 19262 | Orc:2    | sleeves: yea no I play like that usually lol
 19262 | Orc:2    | CougarLife: yeah its fun just running mobs down
 19262 | Orc:2    | sleeves: but lately I have been trying to do the first try
                  | wins
 19262 | Orc:2    | sleeves: with the combos I havent won with yet
 19262 | Orc:2    | sleeves: but i ruined a lot of good combos by mindlessly
                  | playing so i regret it now
 19270 | Orc:2    | CougarLife: just call it a clean slate, youve played since
                  | .14
 19281 | Orc:2    | CougarLife: games way different these days
 19289 | Orc:2    | CougarLife: no hunger
 19289 | Orc:2    | CougarLife: no curses
 19289 | Orc:2    | CougarLife: no need to id gear
 19289 | Orc:2    | sleeves: yea it is not my favorite
 19289 | Orc:2    | sleeves: but I always get bored enough to come back...
 19289 | Orc:2    | CougarLife: same
 19289 | Orc:2    | CougarLife: ive played since .19 myself
 19289 | Orc:2    | sleeves: it was definitely funner back then
 19416 | D:13     | Found a runed translucent gate.
 19416 | D:13     | Found a runed translucent gate.
 19416 | D:13     | Found a runed translucent gate.
 19419 | D:13     | Noticed Mebb's ghost (journeyman SpEn)
 19421 | D:13     | CougarLife: eh i like not having to use autobutcher when i
                  | play troll
 19522 | D:13     | sleeves: yea some things are nice but i just dont like a
                  | lot of the stuff they removed
 19522 | D:13     | sleeves: i mean i dont like that they removed a bunch of
                  | stuff
 19624 | D:13     | CougarLife: yeah i got u
 19787 | D:13     | Reached skill level 7 in Invocations
 19795 | D:13     | CougarLife: some of it was only relevant to like 15 rune
                  | runs tho tbh
 19802 | D:13     | CougarLife: and beyond rune content
 19808 | D:13     | Received a gift from Okawaru
 19809 | D:13     | Reached skill level 8 in Shields
 19813 | D:13     | CougarLife: like hunger was really only relevant in tombs
 19813 | D:13     | CougarLife: or crypts
 19813 | D:13     | CougarLife: and any other time it came into play it was
                  | just random
 19813 | D:13     | CougarLife: well wait i forgot some spells/god actions
                  | caused hunger too
 19813 | D:13     | sleeves: yeah but no reason to just outright remove a lot
                  | of the things
 19813 | D:13     | sleeves: like why did some races have to get deleted
 19873 | D:13     | Found a gate to the Vaults.
 20064 | D:14     | CougarLife: yeah i think its weird they dont have further
                  | back versions archived for play
 20332 | D:14     | CougarLife: if theres a discord for dcss there might be
                  | somebody with the downloaded versions somewhere
 20342 | D:14     | CougarLife: thats a long shot tho
 20388 | D:14     | sleeves: rip
 20582 | D:14     | Received a gift from Okawaru
 20670 | D:14     | Noticed Louise
 20673 | D:14     | CougarLife: 20% thats spooky
 20673 | D:14     | sleeves: yea id hate to just die in the abyss rn
 20673 | D:14     | CougarLife: could duel and buff up in the arena and blast
                  | her
 20673 | Arena    | Entered the Arena
 20674 | Arena    | CougarLife: mmm 28% not the best
 20675 | Arena    | CougarLife: well then
 20675 | Arena    | CougarLife: it worked
 20686 | Arena    | Killed Louise
 20687 | Arena    | Reached skill level 8 in Invocations
 20689 | Arena    | CougarLife: nice
 20689 | Arena    | CougarLife: that was easy
 20689 | Arena    | CougarLife: grab the shield
 20689 | Arena    | CougarLife: drop it outside
 20689 | Arena    | CougarLife: at the least
 20689 | Arena    | sleeves: c
 20690 | Arena    | sleeves: probably dont need poison darts anymore
 20775 | D:14     | CougarLife: yeah getting kinda late in the game for poison
                  | darts
 20836 | D:14     | CougarLife: what lvl is your shield
 20843 | D:14     | Reached skill level 9 in Shields
 20843 | D:14     | CougarLife: 9 ok
 20843 | D:14     | CougarLife: would wait a lil longer before using tower if u
                  | wanna use it
 20843 | D:14     | CougarLife: that kite is juicy as hell
 20843 | D:14     | sleeves: yeah
 20843 | D:14     | CougarLife: might not even be worth using the tower
 21037 | D:14     | CougarLife: would need one hell of a juicy tower to replace
                  | that kite imo
 21037 | D:14     | sleeves: yea
 21065 | D:15     | Entered Level 15 of the Dungeon
 21066 | D:15     | CougarLife: its wild you got a dodge manual
 21102 | D:15     | CougarLife: before going into lair
 21107 | D:15     | sleeves: yeah this run has been blessed
 21127 | D:14     | Paralysed by an ogre mage for 5 turns
 21252 | D:15     | CougarLife: my mifi is blessed rn too
 21254 | D:15     | CougarLife: +7 broad axe
 21254 | D:15     | sleeves: nice
 21254 | D:15     | CougarLife: im just tryin to get another win since i havent
                  | won in 5 years LOL
 21254 | D:15     | sleeves: :(
 21290 | D:15     | CougarLife: im in vaults rn, hardest part is gonna be the
                  | orb run
 21291 | D:15     | sleeves: yeah its never fun
 21291 | D:15     | CougarLife: prolly shouldnt have used the blink scrolls i
                  | had so liberally but it is what it is
 21300 | D:15     | Found a staircase to the Depths.
 21323 | D:15     | HP: 68/145 [flayed ghost/flay_damage (21)]
 21469 | D:15     | Found a portal to a secret trove of treasure.
 21562 | D:15     | Noticed Nessos
 21581 | D:15     | Killed Nessos
 21865 | D:15     | Received a gift from Okawaru
 22097 | D:15     | Reached skill level 10 in Shields
 22097 | D:15     | Reached XP level 16. HP: 153/153 MP: 21/21
 22438 | Snake:1  | Entered Level 1 of the Snake Pit
 22439 | Snake:1  | sleeves: gonna call it a night here got work in the morning
 22439 | Snake:1  | sleeves: it was nice talking to you tho, Ill see you around
                  | I guess
 22507 | Snake:1  | Reached skill level 8 in Armour
 22680 | D:5      | Bought a ring of poison resistance for 260 gold pieces
 22912 | Snake:1  | Received a gift from Okawaru
 23045 | Snake:1  | Received a gift from Okawaru
 23139 | Snake:1  | Noticed Donald
 23150 | Snake:1  | Killed Donald
 23444 | Snake:1  | Reached skill level 9 in Fighting
 24178 | Snake:2  | Reached skill level 9 in Armour
 24681 | Snake:2  | HP: 55/156 [naga warrior/+0 scimitar (33)]
 25133 | Snake:3  | Reached skill level 10 in Fighting
 25409 | Snake:3  | Reached skill level 10 in Armour
 25610 | Snake:3  | Received a gift from Okawaru
 25765 | Snake:4  | Entered Level 4 of the Snake Pit
 25916 | Snake:4  | Received a gift from Okawaru
 25946 | Snake:4  | Found a flickering gateway to a bazaar.
 25962 | Bazaar   | Entered a bazaar
 25976 | Bazaar   | Found Kahud's Antique Armour Shoppe.
 25976 | Bazaar   | Found Alaiq's Book Emporium.
 26011 | Bazaar   | Found Ymaff's Distillery.
 26016 | Bazaar   | Bought 2 potions of heal wounds for 190 gold pieces
 26047 | Bazaar   | Bought a potion of magic for 152 gold pieces
 26047 | Bazaar   | Bought a potion of might for 76 gold pieces
 26047 | Bazaar   | Bought a potion of invisibility for 152 gold pieces
 26047 | Bazaar   | Bought a potion of resistance for 190 gold pieces
 26073 | Bazaar   | Bought a runed tower shield for 285 gold pieces
 26167 | Snake:4  | Reached skill level 12 in Throwing
 26435 | Snake:4  | HP: 77/158 [nagaraja/+0 whip (4)]
 26625 | Snake:4  | HP: 73/158 [salamander tyrant/flame surge (46)]
 26868 | Snake:4  | Reached skill level 15 in Unarmed Combat
 26876 | Snake:4  | Reached XP level 17. HP: 138/166 MP: 22/22
 27283 | Snake:4  | HP: 79/166 [nagaraja/bolt of poison (9)]
 27495 | Snake:4  | Reached skill level 13 in Throwing
 27503 | Snake:4  | Got a serpentine rune of Zot
 27690 | Snake:4  | Noticed Aizul
 27703 | Snake:4  | HP: 72/166 [salamander tyrant (20)]
 27704 | Arena    | Entered the Arena
 27709 | Arena    | HP: 67/166 [poisoned by Aizul (bolt of poison)]
 27755 | Snake:4  | HP: 81/166 [nagaraja/+0 flail (25)]
 27760 | Snake:4  | HP: 50/166 [poisoned by a nagaraja (bolt of poison)]
 27765 | Snake:4  | HP: 50/166 [poisoned by a nagaraja (bolt of poison)]
 27770 | Snake:4  | HP: 55/166 [poisoned by a nagaraja (bolt of poison)]
 28054 | Shoals:1 | Entered Level 1 of the Shoals
 28118 | Shoals:1 | Received a gift from Okawaru
 28211 | Shoals:1 | Found Louruph's Weapon Boutique.
 28536 | Shoals:1 | Reached skill level 16 in Unarmed Combat
 28982 | Shoals:2 | Found Jaomicifa's Self-Improvement Boutique.
 29006 | Shoals:2 | Noticed Ilsuiw
 29038 | Shoals:2 | Killed Ilsuiw
 29063 | Shoals:2 | Identified the +8 war axe of Kebuemn {freeze, rPois Int+4}
 29080 | Shoals:2 | Bought a manual of Spellcasting for 960 gold pieces
 29249 | Shoals:2 | Reached skill level 1 in Spellcasting
 29692 | Shoals:3 | Reached skill level 2 in Spellcasting
 29785 | Shoals:3 | Reached skill level 14 in Throwing
 29808 | Shoals:3 | Identified the +1 robe of the Pirate {god gift, Dex+3}
                  | (Okawaru gifted it to you on level 3 of the Shoals)
 29808 | Shoals:3 | Received a gift from Okawaru
 30007 | Shoals:4 | Entered Level 4 of the Shoals
 30027 | Shoals:4 | Noticed Kirke
 30046 | Shoals:3 | Killed Kirke
 30131 | Shoals:4 | Reached skill level 3 in Spellcasting
 30947 | Shoals:4 | Reached skill level 4 in Spellcasting
 30947 | Shoals:4 | Reached XP level 18. HP: 122/174 MP: 21/23
 30957 | Shoals:4 | HP: 76/174 [merfolk impaler/+0 trident (16)]
 30962 | Shoals:4 | HP: 70/174 [poisoned by a sea snake]
 31121 | Shoals:4 | HP: 79/174 [water nymph/the raging water (28)]
 31126 | Shoals:4 | HP: 71/174 [merfolk javelineer/silver javelin (3)]
 31243 | Shoals:4 | Reached skill level 17 in Unarmed Combat
 31287 | Shoals:4 | HP: 75/174 [merfolk impaler/+2 demon trident of venom (17)]
 31292 | Shoals:4 | HP: 61/174 [poisoned by a merfolk impaler]
 31292 | Shoals:4 | HP: 27/174 [faun/sling bullet[a satyr] (9)]
 31297 | Shoals:4 | HP: 8/174 [satyr/arrow (22)]
 31303 | Shoals:4 | HP: 35/174 [satyr/arrow (11)]
 31429 | Shoals:4 | Identified the +2 robe "Veloi" {Str+4}
 31471 | Shoals:4 | Reached skill level 5 in Spellcasting
 31693 | Shoals:4 | HP: 64/174 [alligator snapping turtle (39)]
 31810 | Shoals:4 | Identified the +2 spear of Stained Honour {god gift, flame,
                  | rF+} (Okawaru gifted it to you on level 4 of the Shoals)
 31810 | Shoals:4 | Received a gift from Okawaru
 31909 | Shoals:4 | Got a barnacled rune of Zot
 31938 | Shoals:4 | Found the +6 arbalest "Damnation" {damnation}
 32395 | Snake:4  | Killed Aizul
 32647 | Snake:4  | Identified the +2 shortbow of the Little People {venom,
                  | rElec}
 32720 | Snake:4  | Reached skill level 6 in Spellcasting
 33046 | Vaults:1 | Entered Level 1 of the Vaults
 33068 | Vaults:1 | Reached skill level 15 in Throwing
 33080 | Vaults:1 | HP: 87/174 [vault warden/+3 bardiche of flaming (4)]
 33690 | Vaults:1 | Reached skill level 11 in Shields
 33797 | Vaults:1 | HP: 76/174 [ironbound frostheart/creeping frost[a vault
                  | warden] (23)]
 33800 | Vaults:1 | HP: 37/174 [ironbound frostheart/creeping frost[a vault
                  | warden] (20)]
 34261 | Vaults:1 | HP: 78/169 [ironbound frostheart (10)]
 34268 | Vaults:1 | Received a gift from Okawaru
 34695 | Vaults:1 | HP: 83/175 [lindwurm/blast of flame (16)]
 34886 | Vaults:1 | Received a gift from Okawaru
 35147 | Vaults:1 | HP: 76/176 [vault warden/+1 great mace (41)]
 35151 | Vaults:1 | Reached skill level 12 in Shields
 35159 | Vaults:1 | HP: 76/176 [ironbound preserver/+0 great mace (19)]
 35163 | Vaults:1 | Identified the +9 dire flail "ETAOIN SHRDLU" {god gift,
                  | venom, Will+ rCorr} (Okawaru gifted it to you on level 1 of
                  | the Vaults)
 35163 | Vaults:1 | Received a gift from Okawaru
 35166 | Vaults:1 | Reached XP level 19. HP: 89/184 MP: 27/27
 35187 | Vaults:1 | HP: 92/184 [ironbound preserver/+0 great mace (17)]
 35195 | Vaults:1 | HP: 90/184 [deep troll[an ironbound preserver] (8)]
 35353 | Abyss:2  | Cast into level 2 of the Abyss (a wizard)
 35554 | Abyss:2  | Found a corrupted altar of Lugonu.
 35589 | Abyss:2  | Noticed a hellephant
 35625 | Abyss:2  | Gained mutation: You are occasionally teleported next to
                  | monsters. [a neqoxec]
 35630 | Abyss:2  | Gained mutation: You occasionally lose the ability to drink
                  | potions when taking damage. [a neqoxec]
 35639 | Abyss:2  | Found a corrupted altar of Lugonu.
 35852 | Abyss:2  | Reached skill level 18 in Unarmed Combat
 36004 | Vaults:1 | Escaped the Abyss
 36031 | Vaults:1 | Reached skill level 11 in Fighting
 36632 | Vaults:2 | HP: 85/187 [deep troll[an ironbound preserver] (13)]
 36643 | Vaults:2 | HP: 83/187 [deep troll[an ironbound preserver] (6)]
 36650 | Vaults:2 | HP: 63/187 [deep troll[an ironbound preserver] (10)]
 36796 | Vaults:2 | Received a gift from Okawaru
 36939 | Vaults:2 | Got the Catalogue of Minerals
 36998 | Vaults:2 | Received a gift from Okawaru
 37041 | Vaults:2 | HP: 93/187 [vault warden/bolt (1)]
 37153 | Vaults:2 | Received a gift from Okawaru
 37206 | Vaults:2 | Got the Dissertation on Evolution
 37256 | Vaults:2 | HP: 88/189 [eldritch tentacle (13)]
 37261 | Vaults:2 | HP: 83/189 [poisoned by an eldritch tentacle]
 37266 | Vaults:2 | HP: 87/189 [poisoned by an eldritch tentacle]
 37396 | Vaults:2 | Found a runed translucent door.
 37402 | Vaults:2 | Noticed ChongLi's ghost (adept DsVM)
 37676 | Vaults:2 | Reached skill level 12 in Fighting
 37790 | Vaults:2 | Reached skill level 19 in Unarmed Combat
 37805 | Vaults:2 | Received a gift from Okawaru
 37850 | Vaults:2 | Lost mutation: You are occasionally teleported next to
                  | monsters. [potion of mutation]
 37850 | Vaults:2 | Lost mutation: You occasionally lose the ability to drink
                  | potions when taking damage. [potion of mutation]
 37850 | Vaults:2 | Gained mutation: You have hidden genetic defects. [potion
                  | of mutation]
 37850 | Vaults:2 | Gained mutation: You are partially covered in iridescent
                  | scales. (AC +2) [potion of mutation]
 37850 | Vaults:2 | Gained mutation: Your muscles are strong. (Str +4, Int/Dex
                  | -1) [potion of mutation]
 37851 | Vaults:2 | Lost mutation: You have hidden genetic defects. [potion of
                  | mutation]
 37851 | Vaults:2 | Lost mutation: Your muscles are strong. (Str +4, Int/Dex
                  | -1) [potion of mutation]
 37851 | Vaults:2 | Lost mutation: You are partially covered in iridescent
                  | scales. (AC +2) [potion of mutation]
 37851 | Vaults:2 | Gained mutation: You expend magic power (3 MP) to
                  | strengthen your wands. [potion of mutation]
 37851 | Vaults:2 | Gained mutation: You have sharp toenails. [potion of
                  | mutation]
 38144 | Vaults:2 | Found a staircase to the Crypt.
 38265 | Vaults:3 | Found Raewupp's Magic Scroll Shoppe.
 38270 | Vaults:3 | Bought a scroll of teleportation for 69 gold pieces
 38665 | Vaults:2 | Killed ChongLi's ghost
 38678 | Vaults:2 | Got Sif Muna's Reference Book on Metal
 39135 | Vaults:3 | Reached XP level 20. HP: 201/201 MP: 28/28
 40075 | Vaults:4 | Noticed Saint Roka
 40097 | Vaults:4 | Killed Saint Roka
 40097 | Vaults:4 | Received a gift from Okawaru
 40192 | Vaults:4 | Reached skill level 13 in Fighting
 40342 | Vaults:4 | Found Dubol's Weapon Shop.
 40671 | Vaults:4 | Reached skill level 11 in Armour
 40708 | Vaults:4 | Noticed a golden dragon
 40733 | Vaults:4 | Killed a golden dragon
 40740 | Vaults:4 | Noticed a dread lich
 40752 | Vaults:4 | Killed a dread lich
 40829 | Vaults:4 | Reached skill level 20 in Unarmed Combat
 41519 | Vaults:4 | Received a gift from Okawaru
 42217 | Elf:1    | Entered Level 1 of the Elven Halls
 42235 | Elf:1    | Reached skill level 12 in Armour
 42271 | Elf:1    | Found Zumejosi's Armour Shop.
 42349 | Elf:1    | Reached skill level 14 in Fighting
 42534 | Elf:1    | Received a gift from Okawaru
 42601 | Elf:1    | Paralysed by an air elemental for 1 turns
 42606 | Elf:1    | Paralysed by an air elemental for 1 turns
 42663 | Elf:1    | Identified the +6 kite shield of Reedgh {god gift, Str+2}
                  | (Okawaru gifted it to you on level 1 of the Elven Halls)
 42663 | Elf:1    | Received a gift from Okawaru
 42690 | Elf:1    | HP: 102/206 [deep elf zephyrmancer/bolt of lightning (10)]
 42844 | Elf:1    | HP: 90/193 [deep elf sorcerer/bolt of acid (23)]
 43380 | Elf:2    | Found a runed translucent gate.
 43381 | Elf:2    | Found a runed translucent gate.
 43398 | Elf:2    | Found a runed translucent gate.
 43490 | Elf:2    | Acquired the amulet "Uryciodwu" {Reflect rN+ Regen+ Str+4
                  | SH+5}
 44042 | Elf:2    | Reached XP level 21. HP: 204/214 MP: 29/29
 44132 | Elf:2    | Reached skill level 9 in Invocations
 44539 | Elf:3    | Entered Level 3 of the Elven Halls
 44866 | Elf:3    | Identified the +6 long sword of Dismay {venom, rN+ Dex+8}
 45371 | Elf:3    | Paralysed by an air elemental for 1 turns
 45378 | Elf:3    | Paralysed by an air elemental for 1 turns
 45423 | Elf:3    | HP: 93/215 [deep elf sorcerer/damnation (40)]
 45428 | Elf:3    | Received a gift from Okawaru
 45577 | Elf:3    | Reached skill level 13 in Armour
 45592 | Elf:3    | Identified the amulet "Hugygh" {RegenMP Harm rF+ Dex+2}
 45610 | Abyss:2  | Cast into level 2 of the Abyss (a deep elf demonologist)
 45755 | Abyss:2  | Reached skill level 10 in Invocations
 45992 | Abyss:2  | Reached skill level 15 in Fighting
 46084 | Abyss:2  | Paralysed by accursed screaming for 1 turns
 46264 | Elf:3    | Escaped the Abyss
 46422 | Abyss:3  | Cast into level 3 of the Abyss (a deep elf sorcerer)
 46423 | Abyss:3  | CougarLife: are you willingly in the abyss
 46423 | Abyss:3  | sleeves: hello I just got banished like 4 times
 46423 | Abyss:3  | sleeves: so idk at this point i may go for it but im not
                  | confident in this guy
 46436 | Elf:3    | Escaped the Abyss
 46445 | Elf:3    | sleeves: a portal was found immediately so nvm !
 46518 | Elf:3    | Identified the +7 shadow dragon scales of Nusso {god gift,
                  | Fly rElec Regen+ Dex-5 SInv Stlth++++} (Okawaru gifted it
                  | to you on level 3 of the Elven Halls)
 46518 | Elf:3    | Received a gift from Okawaru
 46520 | Elf:3    | HP: 87/206 [deep elf death mage/bolt of negative energy
                  | (21)]
 46525 | Elf:3    | HP: 86/207 [poisoned by a deep elf blademaster]
 46530 | Elf:3    | HP: 89/207 [poisoned by a deep elf blademaster]
 46533 | Elf:3    | Reached skill level 14 in Armour
 46746 | Elf:3    | Got Kent's Secrets of Venom
 46753 | Elf:3    | Identified the +1 whip of Division {venom, rElec rC+ rN+}
 46764 | Elf:3    | Got Cynosch's Discursus on Scorching Orientation
 47248 | Depths:1 | Entered Level 1 of the Depths
 47273 | Depths:1 | Found Emerphur's Magic Scroll Shoppe.
 47275 | Depths:1 | Found Roeshoest's Magic Scroll Emporium.
 47278 | Depths:1 | Found Igabipt's Weapon Shoppe.
 47281 | Depths:1 | Bought a scroll of teleportation for 72 gold pieces
 47281 | Depths:1 | Bought a scroll of teleportation for 72 gold pieces
 47283 | Depths:1 | Bought a scroll of teleportation for 57 gold pieces
 47283 | Depths:1 | Bought a scroll of teleportation for 57 gold pieces
 47574 | Depths:1 | Identified the +1 robe of Xom's Condemnation {rCorr Str+2
                  | Dex+2}
 47778 | Depths:1 | Found Hoet's Superior Scales.
 47996 | Depths:2 | Reached skill level 15 in Armour
 48008 | Depths:2 | Found a one-way gate leading to the halls of Pandemonium.
 48075 | Depths:2 | Reached XP level 22. HP: 207/227 MP: 30/30
 48311 | Depths:2 | Noticed a caustic shrike
 48343 | Depths:2 | Killed a caustic shrike
 48455 | Depths:2 | Identified the +1 cloak "Ramuv" {god gift, SInv} (Okawaru
                  | gifted it to you on level 2 of the Depths)
 48455 | Depths:2 | Received a gift from Okawaru
 48472 | Depths:2 | Reached skill level 16 in Throwing
 48575 | Depths:2 | Found the +9 heavy crossbow "Sniper" {vorpal, Acc+∞ SInv}
 48622 | Depths:2 | sleeves: oh man I might have to play on this seed again
 48622 | Depths:2 | sleeves: theres like 3 ranged manuals
 48622 | Depths:2 | sleeves: damnation crossbow and now Sniper crossbow...
 48623 | Depths:2 | Identified the +7 mace of Ymip {venom, *Slow rN+ Dex+4}
 49106 | Depths:2 | Noticed a juggernaut
 49120 | Depths:2 | Killed a juggernaut
 49417 | Orc:1    | Killed groovy9's ghost
 49438 | Orc:1    | Identified the +8 scimitar of Animal Spirits {drain, Drain
                  | rPois Dex+4 Stlth+}
 49439 | Orc:1    | Identified the +2 hat of Puhozeda {rC++ Regen+ rCorr Dex+2}
 49918 | Depths:3 | Reached skill level 17 in Throwing
 50114 | Depths:3 | Noticed a caustic shrike
 50163 | Depths:3 | Noticed a golden dragon
 50169 | Depths:3 | Noticed a golden dragon
 50191 | Depths:3 | Noticed a caustic shrike
 50208 | Depths:3 | Killed a caustic shrike
 50248 | Depths:3 | Noticed a caustic shrike
 50256 | Depths:3 | Killed a caustic shrike
 50294 | Depths:3 | Reached skill level 18 in Throwing
 50401 | Depths:3 | Killed a golden dragon
 50514 | Depths:3 | Identified the +9 chain mail of Sunlight {Dex+2}
 50694 | Depths:3 | Received a gift from Okawaru
 50704 | Depths:3 | Got the Anthology of the Excruciating Zephyr
 50711 | Depths:3 | Got the Quarto of the Storm
 50721 | Depths:3 | Found a one-way gate to the infinite horrors of the Abyss.
 50731 | Depths:3 | Noticed a golden dragon
 50738 | Depths:3 | Killed a golden dragon
 50740 | Depths:3 | Noticed a golden dragon
 50781 | Depths:3 | Noticed a juggernaut
 50809 | Depths:3 | Killed a golden dragon
 50820 | Depths:3 | Killed a juggernaut
 50832 | Depths:3 | Killed a caustic shrike
 50832 | Depths:3 | Received a gift from Okawaru
 50856 | Depths:3 | Reached skill level 19 in Throwing
 50906 | Depths:3 | Killed a golden dragon
 50907 | Depths:3 | Reached XP level 23. HP: 226/235 MP: 31/31
 50957 | Depths:3 | sleeves: playoing while at work so ill be afk randomnly
 50957 | Depths:3 | Identified the +0 plate armour of Xicanahe {rF+ Dex-2 SInv
                  | Stlth+}
 51554 | Depths:4 | Entered Level 4 of the Depths
 51730 | Depths:4 | Noticed Xtahua
 51735 | Depths:4 | Paralysed by Xtahua for 5 turns
 51751 | Depths:4 | Killed Xtahua
 51783 | Depths:3 | Received a gift from Okawaru
 51882 | Depths:4 | Reached skill level 20 in Throwing
 51912 | Depths:4 | Received a gift from Okawaru
 51919 | Depths:4 | Noticed Frederick
 52132 | Depths:4 | Killed Frederick
 52527 | Depths:4 | Found a gate to the Realm of Zot.
 52596 | Depths:4 | Found a one-way gateway to a ziggurat.
 53129 | Crypt:1  | Entered Level 1 of the Crypt
 53198 | Crypt:1  | Received a gift from Okawaru
 53398 | Crypt:1  | CougarLife: all good
 53426 | Crypt:1  | Received a gift from Okawaru
 53451 | Crypt:1  | Reached XP level 24. HP: 233/233 MP: 31/31
 53452 | Crypt:1  | Reached skill level 21 in Unarmed Combat
 53452 | Crypt:1  | Reached XP level 25. HP: 241/241 MP: 31/31
 53547 | Crypt:1  | Identified the +0 ring mail of a ziggurat {rElec rN+}
 53753 | Crypt:1  | Reached skill level 21 in Throwing
 54133 | Crypt:2  | Noticed Sojobo
 54145 | Crypt:2  | Paralysed by an air elemental for 1 turns
 54174 | Crypt:2  | HP: 105/252 [??? (83)]
 54179 | Crypt:1  | HP: 117/252 [poisoned by a tengu reaver (bolt of poison)]
 54203 | Crypt:2  | HP: 81/252 [??? (63)]
 54210 | Crypt:1  | Identified the +0 cloak of Defiance {god gift, rCorr Str+3
                  | SInv} (Okawaru gifted it to you on level 1 of the Crypt)
 54210 | Crypt:1  | Received a gift from Okawaru
 54455 | Crypt:2  | Paralysed by an air elemental for 1 turns
 54464 | Crypt:1  | Killed Sojobo
 54806 | Crypt:2  | Noticed Boris
 54818 | Crypt:2  | Killed Boris
 55125 | Crypt:2  | HP: 94/252 [??? (75)]
 55209 | Crypt:2  | Reached XP level 26. HP: 261/261 MP: 31/31
 55360 | Crypt:3  | Entered Level 3 of the Crypt
 55387 | Crypt:3  | Noticed Boris
 55404 | Crypt:3  | Killed Boris
 55431 | Crypt:3  | Acquired the +2 cloak of Tekijebb {rElec rF++ MP-9 Dex-2}
 55500 | Crypt:3  | Acquired 929 gold pieces
 55574 | Crypt:3  | Reached skill level 22 in Unarmed Combat
 55733 | Crypt:3  | Reached skill level 22 in Throwing
 56049 | Crypt:3  | Found a staircase to the Tomb.
 56099 | Crypt:3  | Reached skill level 13 in Dodging
 56117 | Crypt:3  | Received a gift from Okawaru
 56336 | Crypt:3  | Noticed a royal mummy
 56355 | Crypt:3  | HP: 116/256 [??? (92)]
 56483 | Crypt:2  | Killed a royal mummy
 56804 | Crypt:3  | Got the Volume of Macabre Toxicity
 57305 | Slime:1  | Entered Level 1 of the Pits of Slime
 57864 | Slime:1  | Identified the +5 steam dragon scales of the Constellations
                  | {god gift, rC+ Int-2 SInv} (Okawaru gifted it to you on
                  | level 1 of the Pits of Slime)
 57864 | Slime:1  | Received a gift from Okawaru
 57878 | Slime:1  | Reached skill level 16 in Fighting
 58758 | Slime:1  | Gained mutation: Your body sometimes deteriorates upon
                  | taking damage. [a shining eye]
 58803 | Slime:3  | Reached skill level 17 in Fighting
 59083 | Slime:5  | Entered Level 5 of the Pits of Slime
 59228 | Slime:5  | CougarLife: you have balls of steel my man
 59233 | Slime:5  | CougarLife: i woulda gone up as soon as that corrosion hit
 59239 | Slime:5  | sleeves: my troll is strong now XD
 59264 | Slime:5  | CougarLife: i mean shit my mifi is strong too
 59300 | Slime:5  | Noticed the Royal Jelly
 59301 | Slime:5  | CougarLife: i dont have a very good ammy tho
 59310 | Slime:5  | CougarLife: rn+ will+++ Clar
 59310 | Slime:5  | CougarLife: i have enough willpower outside of the amulet
                  | and clarity feels useless imo this late
 59310 | Slime:5  | CougarLife: rn+ kinda okay tho
 59310 | Slime:5  | sleeves: well it could be worse i guess lol
 59310 | Slime:5  | CougarLife: true
 59311 | Slime:5  | CougarLife: i have found insane rings this run
 59313 | Slime:5  | CougarLife: found 3 rings with 3 or higher slay on them
 59314 | Slime:5  | Killed the Royal Jelly
 59315 | Slime:5  | CougarLife: oh thats a lotta jellies
 59315 | Slime:5  | sleeves: yea XD
 59443 | Slime:5  | Paralysed by a floating eye for 2 turns
 59483 | Slime:5  | Reached skill level 18 in Fighting
 59513 | Slime:5  | Received a gift from Okawaru
 59724 | Slime:5  | Identified the +1 whip of Mayhem {flame, rPois}
 59733 | Slime:5  | Got a slimy rune of Zot
 59734 | Slime:5  | Identified the ring "Goppasof" {rC+ rN+ EV+4 Str+2 Dex+4}
 59739 | Slime:5  | Identified the +9 demon trident of Ycrocror {drain, Str+2}
 59741 | Slime:5  | Identified the +8 war axe of Arammok {vorpal, rN+ Will+}
 59743 | Slime:5  | sleeves: im the opposite of you i need willpower really bad
                  | lol
 59743 | Slime:5  | CougarLife: holy shit
 59743 | Slime:5  | CougarLife: that amulet is nuts
 59743 | Slime:5  | CougarLife: press %
 59743 | Slime:5  | sleeves: it is one of the best ones i have ever seen yea
 59743 | Slime:5  | CougarLife: lemme see ur stats
 59743 | Slime:5  | CougarLife: ehhh ur at +++
 59743 | Slime:5  | CougarLife: ur aight
 59743 | Slime:5  | sleeves: yeah but its taking 2 ring slots for that
                  | unfortunately
 59744 | Slime:5  | CougarLife: fair enough
 59762 | Slime:5  | Identified the ring of Uceogyna {Wiz Int+2 Dex+4}
 59769 | Slime:5  | Identified the +5 spear of Ignis's Displeasure {vorpal,
                  | *Rage rF+++ rCorr Str-5}
 59802 | Slime:5  | CougarLife: did you kill the royal jelly did i miss it lmao
 59832 | Slime:5  | Identified the +5 ring mail "Feikan" {Stlth+}
 59930 | Lair:5   | sleeves: yeah thats when all those slimes appeared
 59930 | Lair:5   | sleeves: i threw my boulders at him
 59930 | Lair:5   | CougarLife: ahhhh
 59930 | Lair:5   | CougarLife: getting close to max lvl
 59930 | Lair:5   | CougarLife: 86%
 60250 | Zot:1    | Entered Level 1 of the Realm of Zot
 60286 | Depths:4 | sleeves: welp thats not a good entrance
 60320 | Depths:4 | CougarLife: no it is most certainly not
 60482 | Zot:1    | CougarLife: bro
 60551 | Zot:1    | CougarLife: ur fighting with -8 corr ur nuts
 60551 | Zot:1    | CougarLife: not in the good way
 60565 | Zot:1    | Reached XP level 27. HP: 286/286 MP: 22/31
 60569 | Zot:1    | sleeves: gotta roleplay the troll
 60684 | Zot:1    | CougarLife: lmao
 60818 | Zot:1    | Reached skill level 19 in Fighting
 61780 | Zot:2    | Reached skill level 20 in Fighting
 61822 | Zot:1    | Identified the +10 rapier of Zista {god gift, venom, *Slow
                  | rC++ Int+5} (Okawaru gifted it to you on level 1 of the
                  | Realm of Zot)
 61822 | Zot:1    | Received a gift from Okawaru
 61985 | Zot:2    | Found the +4 dragonskin cloak
 61985 | Zot:2    | Noticed Tiamat
 62032 | Zot:2    | Killed Tiamat
 62033 | Zot:2    | HP: 141/293 [white draconian/blast of cold[Tiamat] (8)]
 62038 | Zot:1    | HP: 143/293 [white draconian/+0 battleaxe[Tiamat] (8)]
 62724 | Zot:2    | Reached skill level 21 in Fighting
 62731 | Zot:2    | Received a gift from Okawaru
 63552 | Zot:3    | Noticed Vv
 63563 | Zot:3    | CougarLife: oh boy
 63563 | Zot:3    | sleeves: I've never seen this guuy
 63563 | Zot:3    | CougarLife: me neither
 63563 | Zot:3    | CougarLife: 270 hp ac out the ass
 63563 | Zot:3    | CougarLife: looks rough for melee
 63563 | Zot:3    | sleeves: yeah
 63563 | Zot:3    | CougarLife: rf is a good counter tho it seems
 63563 | Zot:3    | CougarLife: big damage was from fire spells
 63585 | Zot:3    | Killed Vv
 63586 | Zot:3    | CougarLife: does she not cast in melee?
 64160 | Zot:3    | Received a gift from Okawaru
 64177 | Zot:3    | Reached skill level 22 in Fighting
 64612 | Zot:4    | Found a runed translucent gate.
 64612 | Zot:4    | Found a runed translucent gate.
 64612 | Zot:4    | Found a runed translucent gate.
 64612 | Zot:4    | Found an opulent altar of Gozag.
 64728 | Zot:4    | HP: 225/450 [poison (poison gas)]
 64733 | Zot:4    | HP: 222/450 [poison (poison gas)]
 64817 | Zot:4    | Found Maudue's Assorted Antiques.
 64818 | Zot:4    | Noticed Heisao's ghost (legendary TrBe)
 64973 | Zot:4    | Noticed an orb of fire
 64979 | Zot:4    | Found a transporter.
 64980 | Zot:4    | Found a radiant altar of Vehumet.
 64986 | Zot:4    | Noticed a dread lich
 64991 | Zot:4    | Reached skill level 16 in Armour
 65041 | Zot:4    | CougarLife: this seed has so many manuals lmao
 65121 | Zot:4    | Noticed an ancient lich
 65764 | Zot:3    | Identified the +3 quarterstaff "Wosezocu" {vorpal, Str+4}
 65934 | Zot:5    | Entered Level 5 of the Realm of Zot
 65936 | Zot:5    | Identified the +8 short sword of Perfectionism {god gift,
                  | venom, Will+} (Okawaru gifted it to you on level 5 of the
                  | Realm of Zot)
 65936 | Zot:5    | Received a gift from Okawaru
 66310 | Zot:5    | Reached skill level 17 in Armour
 66454 | Zot:5    | CougarLife: interesting layout
 66626 | Zot:5    | sleeves: debating if I should just try to win
 66626 | Zot:5    | CougarLife: if youre just wanting the first try win no
                  | reason not to
 66684 | Zot:5    | Noticed an orb of fire
 66715 | Zot:5    | Killed an orb of fire
 66717 | Zot:5    | Received a gift from Okawaru
 66725 | Zot:5    | Noticed an orb of fire
 66735 | Zot:5    | Gained mutation: You are occasionally teleported next to
                  | monsters. [an orb of fire]
 66737 | Zot:5    | Killed an orb of fire
 66743 | Zot:5    | CougarLife: oh man the mutations
 66744 | Zot:5    | Noticed an ancient lich
 66750 | Zot:5    | CougarLife: random ass lich
 66750 | Zot:5    | Killed an ancient lich
 66751 | Zot:5    | Reached skill level 18 in Armour
 66761 | Zot:5    | Noticed an orb of fire
 66762 | Zot:5    | sleeves: classic
 66762 | Zot:5    | CougarLife: truly
 66762 | Zot:5    | sleeves: i was just about to chug muts
 66764 | Zot:5    | CougarLife: what are your muts lookin like rn
 66774 | Zot:5    | Killed an orb of fire
 66776 | Zot:5    | Noticed an orb of fire
 66781 | Zot:5    | Killed an orb of fire
 66783 | Zot:5    | Received a gift from Okawaru
 66796 | Zot:5    | Lost mutation: You have sharp toenails. [potion of
                  | mutation]
 66796 | Zot:5    | Lost mutation: You expend magic power (3 MP) to strengthen
                  | your wands. [potion of mutation]
 66796 | Zot:5    | Lost mutation: Your body sometimes deteriorates upon taking
                  | damage. [potion of mutation]
 66796 | Zot:5    | Gained mutation: You are partially covered in iridescent
                  | scales. (AC +2) [potion of mutation]
 66796 | Zot:5    | Gained mutation: You are somewhat resistant to further
                  | mutation. [potion of mutation]
 66797 | Zot:5    | Lost mutation: You are occasionally teleported next to
                  | monsters. [potion of mutation]
 66797 | Zot:5    | Lost mutation: You are somewhat resistant to further
                  | mutation. [potion of mutation]
 66797 | Zot:5    | Lost mutation: You are partially covered in iridescent
                  | scales. (AC +2) [potion of mutation]
 66797 | Zot:5    | Gained mutation: You passively map a small area around you.
                  | [potion of mutation]
 66797 | Zot:5    | Gained mutation: Your magical capacity is low. (-10% MP)
                  | [potion of mutation]
 66797 | Zot:5    | Gained mutation: Your body sometimes deteriorates upon
                  | taking damage. [potion of mutation]
 66797 | Zot:5    | Gained mutation: You are robust. (+10% HP) [potion of
                  | mutation]
 66820 | Zot:5    | CougarLife: could be worse
 66877 | Zot:5    | sleeves: luckily big rock kills everything
 66882 | Zot:5    | CougarLife: sure does
 66896 | Zot:5    | CougarLife: i need to train my mifi's throwing
 66896 | Zot:5    | CougarLife: prolly dumped too heavily into
                  | axe/fighting/shield/armor
 66896 | Zot:5    | CougarLife: too early
 66952 | Zot:5    | Noticed an ancient lich
 66960 | Zot:5    | Killed an ancient lich
 66962 | Zot:5    | Noticed an orb of fire
 66968 | Zot:5    | Reached skill level 19 in Armour
 66973 | Zot:5    | Gained mutation: You have sharp toenails. [an orb of fire]
 66979 | Zot:5    | Killed an orb of fire
 66982 | Zot:5    | Got the Orb of Zot
 66989 | Zot:5    | Noticed Beytticw the pandemonium lord
 67003 | Zot:5    | CougarLife: oh man you dont even full clear zot 5 before
                  | you grab?
 67009 | Zot:5    | Killed Beytticw the pandemonium lord
 67035 | Zot:5    | sleeves: sometimes yes sometimes no
 67052 | Zot:5    | CougarLife: youre wild
 67057 | Zot:5    | sleeves: you should watch the speedrunners
 67057 | Zot:5    | sleeves: they are the crackheads
 67124 | Zot:4    | CougarLife: ive watched somebody that was #1 on the
                  | leaderboard years ago
 67191 | Zot:2    | CougarLife: he liked to do long extended extra content tho
 67217 | Zot:2    | Received a gift from Okawaru
 67237 | Zot:2    | sleeves: that is my favorite content
 67237 | Zot:2    | CougarLife: troll regen + neck coming in handy for orb run
 67237 | Zot:2    | sleeves: the speedrunning stuff is cool but can get boring
 67237 | Zot:2    | CougarLife: its mine too but ill prolly never get to that
                  | point myself so i just watch
 67237 | Zot:2    | sleeves: yea massive regen on me lol
 67241 | Zot:1    | CougarLife: i feel like you have to be a caster for long
                  | runs
 67285 | Zot:1    | CougarLife: or a hybrid of melee/cast
 67289 | Zot:1    | CougarLife: pure melee is just so unsafe in late content
 67289 | Zot:1    | sleeves: yeah but if you can get the right items melee can
                  | own too
 67289 | Zot:1    | sleeves: my best runs have been melee characters
 67297 | Zot:1    | Noticed a seraph
 67298 | Zot:1    | CougarLife: oh boy
 67309 | Zot:1    | Killed a seraph
 67563 | D:10     | CougarLife: so far lookin like an easy run
 67634 | D:8      | Gained mutation: You are weak. (Str -2) [a cacodemon]
 67655 | D:7      | CougarLife: 2 whole floors with no enemies wild
 67780 | D:1      | Noticed an ancient lich
 67781 | D:1      | Noticed Riozoc the pandemonium lord
 67783 | D:1      | CougarLife: oh no
 67791 | D:1      | Killed Riozoc the pandemonium lord
 67795 | D:1      | Killed an ancient lich
 67795 | D:1      | Received a gift from Okawaru
 67796 | D:1      | Reached skill level 20 in Armour
 67796 | D:1      | CougarLife: pop it all
 67796 | D:1      | CougarLife: rend them to shreds
 67824 | D:1      | CougarLife: pop haste pots if you gottem
 67825 | D:$      | Escaped with the Orb!

Illustrated notes

Levels and vault maps discovered:
D:1:      spicycebolla_arrival_xxxplode, layout_loops_ring, serial_bayou_ford_a,
          minivault_11, dreamdust_princess_corridor, minmay_tetromino_t4
D:2:      minmay_roachtagon, layout_basic, serial_shops,
          nicolae_shop_window_shopping, corexii_item_surrounded_by_moat,
          uniq_robin, uniq_natasha
D:3:      cheibrodos_helix_gallery, layout_loops_ring,
          shapermc_ecumenical_altar_mp_ritualfount, uniq_ijyb
D:4:      layout_cave_pools, mainiacjoe_overflow_brackets,
          minmay_temple_entry_offerings, lightli_corner_chamber
D:5:      layout_basic, serial_shops, nicolae_inconvenience_store,
          kennysheep_opposing_triangles, uniq_edmund, uniq_sigmund
D:6:      layout_loops_ring, amcnicky_altar_gilded,
          minmay_misc_feat_more_columns
D:7:      gammafunk_corrupted_shrine, layout_basic,
          mainiacjoe_overflow_cross_hatched, minmay_misc_feat_tiny, uniq_maggie,
          uniq_crazy_yiuf_cottage
D:8:      layout_basic, erik_lair_orcish_takeover, uniq_maurice, uniq_grum
D:9:      layout_rooms, mainiacjoe_overflow_concentric_impassable, orc_0_dummy,
          grunt_ministairs_7, uniq_harold, uniq_prince_ribbit1, uniq_erica
D:10:     layout_loops_ring, marbit_many_paths, nicolae_ru_path_of_blood,
          general_overflow_altar, enter_bailey_3, uniq_lodul
D:11:     layout_roguey, minmay_misc_feat_pillars
D:12:     layout_gridville, portal_ice_cave_rime, serial_bayou_crossing
D:13:     layout_rooms, hangedman_vaults_entry_quadrant_bands,
          gammafunk_ghost_hydra_chop
D:14:     layout_long_grid, kennysheep_generic_room_8, uniq_louise
D:15:     gammafunk_depths_entry_grave, layout_loops_ring, enter_trove_3,
          minmay_misc_feat_five, uniq_nessos
Temple:   bh_familiar_temple
Lair:1:   layout_regular_city, lemuel_fruit_fields, grunt_megastairs_1,
          serial_bayou_shore_a, infiniplex_staircase_pool
Lair:2:   layout_chaotic_city, ebering_ghost_rock_garden, enter_volcano_3,
          serial_bayou_pond_b, roderic_batcave, st_stairs_11,
          grunt_megastairs_2, uniq_sonja, uniq_fannar
Lair:3:   layout_concentric_octagons, minmay_shoals_entry_centaurs,
          minmay_snake_entry_guardpost_small, chequers_serial_rivers_large_b,
          chequers_serial_rivers_large_a, columned_hall_lemuel, uniq_josephine,
          uniq_snorg
Lair:4:   layout_long_grid
Lair:5:   evil_forest, layout_regular_city, dpeg_slime_entry_corner
Shoals:1: layout_shoals, serial_shops, shop
Shoals:2: layout_shoals, nicolae_shop_self_help, uniq_ilsuiw
Shoals:3: layout_shoals
Shoals:4: shoals_end_simple, layout_shoals, uniq_kirke
Snake:1:  layout_grid_maze, uniq_donald
Snake:2:  layout_misc_corridors
Snake:3:  layout_rooms, nicolae_snake_gridmaze_squiggle, eino_curves_01
Snake:4:  grunt_snake_rune_spirals, layout_onion_interference, serial_shops,
          bzr_entry_dummy, uniq_aizul
Slime:1:  layout_caves
Slime:2:  layout_caves
Slime:3:  layout_caves
Slime:4:  layout_caves, cheibrodos_slime_lost_civilization_5
Slime:5
Orc:1:    layout_diamond_mine, gammafunk_ghost_wrathful_warriors, basic_altar
Orc:2:    kennysheep_orc_mage_school, layout_caves, lemuel_statue_altar
Elf:1:    elf_arrival_001, layout_gridlike, serial_shops, shop,
          minmay_elf_crystal_heptagon
Elf:2:    elven_hall_of_blades_hangedman_original
          [infiniplex_blade_entry_pillars], layout_geoelf_diagonals
Elf:3:    minmay_elf_hall_not_hex, layout_geoelf_castle
Vaults:1: ontoclasm_vaults_tryst, nicolae_vaults_network_star,
          vaults_room_grunt_arrival_ludios, v_rooms_5,
          hangedman_vaults_stretched_pinwheel, v_misc_4, v_pattern_3,
          dpeg_vaults_monster_row, v_misc_14, vaults_dpeg_hooks,
          nicolae_vaults_little_squares_4, layout_vaults_omnicross
Vaults:2: hellmonk_ghost_big_iron, ontoclasm_vaults_hangar,
          nicolae_vaults_sealed_display, v_misc_18, blue_anna_dwarven_crypt,
          v_misc_4, hangedman_vaults_river_flow, grunt_vaults_focal,
          vaults_dpeg_diagonal, layout_vaults_maze, serial_hangedman_research,
          hangedman_research_metamorphosis, hangedman_research_quantum,
          hangedman_research_geology
Vaults:3: nicolae_vaults_diagonal_hallway_8, vaults_room_grid, v_alt_pattern_1,
          vaults_room_grunt_arrival_checkpoint, ontoclasm_vaults_pinch,
          grunt_vaults_funnel, nicolae_vaults_circle_grid_b,
          ontoclasm_vaults_ring_small, ontoclasm_vaults_bender,
          vaults_room_boxed, grunt_vaults_swirl, st_lines, v_misc_12,
          vaults_dpeg_encased_lava, ontoclasm_vaults_idyll,
          ontoclasm_vaults_ligature, vaults_room_pool, layout_vaults_ring,
          serial_shops, nicolae_shop_stone
Vaults:4: nicolae_vaults_little_squares_4, v_pattern_1,
          dpeg_vaults_pockets_of_resistance, ontoclasm_vaults_spin, v_misc_15,
          nicolae_vaults_network_square, hangedman_vaults_slice,
          ontoclasm_vaults_gateway, nicolae_vaults_mini_display_case,
          layout_vaults_chaotic_city, serial_shops,
          nicolae_shop_bloodbath_and_beyond, uniq_saint_roka, uniq_margery
Crypt:1:  layout_regular_city, grunt_ministairs_6, grunt_crypt_arrival_split
Crypt:2:  layout_chaotic_city, nicolae_crypt_crumbling_hall, uniq_josephina,
          uniq_boris, uniq_sojobo
Crypt:3:  due_elkab, layout_chaotic_city
Depths:1: layout_long_grid, pf_hell_entry_tar_river, minmay_misc_feat_roman,
          hellmonk_scale_shop, minmay_shop_star
Depths:2: minmay_the_grid_octo_tiled_octocenter
          [minmay_the_grid_octo_fan_narrow, minmay_the_grid_octo_teeth,
          minmay_the_grid_octo_tetromino_candy, minmay_the_grid_octo_checkered,
          minmay_the_grid_octo_prize_ultimate_mussel_roller,
          minmay_the_grid_square_5x5_broken_cross,
          minmay_the_grid_square_5x5_two_small,
          minmay_the_grid_square_5x5_longway,
          minmay_the_grid_square_5x5_minimal], layout_cave_pools,
          hangedman_coc_ice_floe, serial_bayou_lagoon_a, rand_demon_pan_entry_7,
          minmay_staircase_windowed_small
Depths:3: box_level_dp, abyss_entry, hell_entry
Depths:4: grunt_zot_entry_alcove, layout_cross, enter_ziggurat_a, hellmouth_3,
          hangedman_decor_push, chequers_jeans, serial_bayou_shore_b,
          uniq_frederick, uniq_xtahua
Zot:1:    lemuel_halls_of_wrath, layout_misc_corridors,
          hangedman_zot_decor_tridents
Zot:2:    layout_cathedral_of_symmetry, uniq_tiamat
Zot:3:    kennysheep_bubbly, layout_misc_corridors, bh_zot_lava_cross,
          hangedman_snake_sidewinding, uniq_vv
Zot:4:    gammafunk_sealed_library, layout_basic, ebering_ghost_gozag
Zot:5:    layout_concentric_octagons, skrybe_zot_glass_2

Skill      XL: |  1  2  3  4  5  6  7  8  9 10 11 12 13 14 15 16 17 18 19 20 21 22 23 24 25 26 27 |
---------------+----------------------------------------------------------------------------------+-----
Unarmed Combat | 4 5 6 7 8 9 10 11 12 13 14 15 16 17 19 20 21 22 | 22.0
Throwing       | 2 4 6 7 8 9 10 11 12 14 15 19 20 21 22 | 22.0
Dodging        | 4 7 8 9 11 12 13 | 13.1
Fighting       | 3 4 5 6 8 10 12 14 15 18 22 | 22.0
Armour         | 6 7 10 12 15 20 | 20.0
Hexes          | 4 5 |  5.1
Shields        | 6 10 12 | 12.0
Invocations    | 5 8 10 | 10.0
Spellcasting   | 4 6 |  6.0
Stealth        | |  2.7

Action                   |  1- 3 |  4- 6 |  7- 9 | 10-12 | 13-15 | 16-18 | 19-21 | 22-24 | 25-27 || total
-------------------------+-------+-------+-------+-------+-------+-------+-------+-------+-------++-------
Melee: Unarmed           |    34 |   260 |   287 |   475 |  1352 |  1981 |  1725 |   948 |  1813 ||  8875
       Punch             |     1 |     2 |    17 |    27 |    40 |       |       |       |       ||    87
       Kick              |       |       |       |       |       |       |   567 |   441 |   873 ||  1881
Throw: Dart              |       |       |    15 |    35 |    36 |     1 |       |       |     3 ||    90
       Boomerang         |       |       |       |    28 |   165 |   275 |   257 |   114 |   500 ||  1339
       Javelin           |       |       |       |       |     8 |    22 |    23 |       |    19 ||    72
       Throwing net      |       |       |       |       |     2 |     3 |       |       |       ||     5
       Large rock        |       |       |       |       |       |     4 |    38 |    43 |   362 ||   447
Invok: Heroism           |       |       |       |       |    20 |    24 |    27 |     6 |    23 ||   100
       Finesse           |       |       |       |       |     1 |     1 |     1 |       |     3 ||     6
       Duel              |       |       |       |       |     1 |     1 |       |       |       ||     2
Evoke: Wand              |       |       |       |    10 |     5 |     1 |     1 |       |       ||    17
  Use: Scroll            |     2 |       |    11 |     4 |     5 |    21 |    21 |       |     4 ||    68
       Potion            |     1 |       |       |     1 |       |    16 |     3 |     2 |     9 ||    32
 Stab: Sleeping          |       |    13 |     5 |     4 |    15 |    10 |     3 |     6 |     5 ||    61
       Distracted        |       |       |     1 |     1 |     2 |     1 |     4 |     2 |     1 ||    12
       Held in net/web   |       |       |       |       |     1 |       |       |       |       ||     1
       Invisible         |       |       |       |       |       |    11 |     3 |       |       ||    14
       Paralysed         |       |       |       |       |       |       |     2 |       |       ||     2
Armor: Robe              |     3 |    76 |    47 |       |       |       |       |       |       ||   126
       Acid dragon scale |       |       |     3 |    99 |   254 |   186 |    77 |       |       ||   619
       Fire dragon scale |       |       |       |       |       |       |   180 |       |       ||   180
       Shadow dragon sca |       |       |       |       |       |       |    42 |   293 |   623 ||   958
Dodge: Dodged            |    11 |   122 |   127 |   283 |   553 |   741 |   379 |   159 |   459 ||  2834
       Repelled          |       |       |       |       |       |    36 |       |       |       ||    36
Block: Kite shield       |       |       |       |       |   623 |  1325 |       |       |       ||  1948
       Tower shield      |       |       |       |       |       |   241 |  1192 |  1060 |  2225 ||  4718
       Reflection        |       |       |       |       |       |       |    31 |    13 |    31 ||    75
